 Dungeon Crawl Stone Soup version 0.26.0-10-g1f06aea511 (webtiles) character file.

Game seed: 5872443966900820076

718836 StoneSoupSpirit the Impregnable (level 27, -1/233 HPs)
             Began as a Demonspawn Chaos Knight on Jan 26, 2021.
             Was a Favourite Plaything of Xom.
             Slain by an Orb Guardian (9 damage)
             ... on level 5 of the Realm of Zot on Jan 27, 2021.
             The game lasted 07:02:54 (73969 turns).

StoneSoupSpirit the Impregnable (DsCK)             Turns: 73969, Time: 07:02:55

Health: -1/233     AC: 55    Str: 24    XL:     27
Magic:  25/34      EV:  7    Int: 12    God:    Xom [..*...]
Gold:   4516       SH: 28    Dex: 20    Spells: 26/26 levels left

rFire    + + .     SeeInvis +   T - +6 broad axe (vorpal)
rCold    + + +     Faith    .   D - +3 tower shield {rN+}
rNeg     + + +     Spirit   .   e - +14 crystal plate armour
rPois    .         Reflect  .   R - +0 mask of the Dragon {Will+ Slay+3 SInv}
rElec    +         Harm     .   t - +2 cloak of the Thief {*Fog Slay-2 SInv Stlth+}
rCorr    +         Rampage  +   (gloves unavailable)
Will     +++++                  r - +2 pair of boots {rampage}
Stlth    ..........             u - amulet of Accord {rF- Will+ Regen+ Str+2 Stlth+}
HPRegen  1.28/turn              G - ring "Diathen" {rC+ rN+++ Int-2 Dex+4 Slay-3}
MPRegen  0.24/turn              v - ring of Uffiwkut {*Drain rElec rF+++ rC++ MP+9}

@: lethally poisoned (-1 -> -1), studying Evocations
A: beak, claws 3, hooves 1, yellow scales 3, camouflage 1, foul stench 2, high
mp 1, strong-willed 2, negative energy resistance 1, sense surroundings 1,
regeneration 1, shaggy fur 1, spiny 3, 50% torment resistance, no potion heal 1,
black mark, miasma immunity
}: 5/15 runes: serpentine, barnacled, slimy, silver, abyssal
a: Renounce Religion


You were on level 5 of the Realm of Zot.
You worshipped Xom.
You were a toy of Xom.
You visited 12 branches of the dungeon, and saw 58 of its levels.
You visited the Abyss 2 times.
You visited 2 bazaars.
You also visited: Ice Cave and Volcano.

You collected 11220 gold pieces.
You spent 6704 gold pieces at shops.

Inventory:

Hand Weapons
 J - a +5 demon trident of electrocution
 M - the +6 arbalest "Damnation" {damnation}
   (You found it on level 3 of the Vaults)
 T - a +6 vorpal broad axe (weapon)
Missiles
 k - 1166 bolts
Armour
 e - a +14 crystal plate armour (worn)
 r - a +2 pair of boots of rampaging (worn)
 t - the +2 cloak of the Thief (worn) {*Fog Slay-2 SInv Stlth+}
   (You bought it in a shop on level 3 of the Shoals)

   It affects your accuracy and damage with ranged weapons and melee attacks
   (-2).
   It lets you see invisible.
   It makes you more stealthy.
 D - a +3 tower shield of positive energy (worn)
 R - the +0 mask of the Dragon (worn) {Will+ Slay+3 SInv}
   (You found it on level 3 of the Elven Halls)

   It affects your accuracy and damage with ranged weapons and melee attacks
   (+3).
   It affects your willpower, your defense against some magical effects.
   It lets you see invisible.
 U - a scarf of resistance
Jewellery
 c - an uncursed ring of wizardry
 j - an uncursed ring of protection from cold {unknown}
 l - the amulet "Pufomie" {rElec rN+ Regen+ SInv}
   (You bought it in a shop on level 1 of the Snake Pit)

   [amulet of regeneration]

   It insulates you from electricity.
   It protects you from negative energy.
   It lets you see invisible.
   It increases your rate of regeneration.
 p - the ring of Xom's Malicious Joy {rN+ SInv}
   (You acquired it on level 11 of the Dungeon)

   [ring of see invisible]

   It protects you from negative energy.
   It lets you see invisible.
 u - the amulet of Accord (around neck) {rF- Will+ Regen+ Str+2 Stlth+}
   (You bought it in a shop on level 3 of the Shoals)

   [amulet of regeneration]

   It affects your strength (+2).
   It makes you vulnerable to fire.
   It affects your willpower, your defense against some magical effects.
   It increases your rate of regeneration.
   It makes you more stealthy.
 v - the ring of Uffiwkut (right claw) {*Drain rElec rF+++ rC++ MP+9}
   (You acquired it on level 11 of the Dungeon)

   [ring of magical power]

   It renders you almost immune to fire.
   It greatly protects you from cold.
   It insulates you from electricity.
   It affects your magic capacity (+9).
   It causes draining when unequipped.
 E - the ring of Luh Riul {rN++ Will+ rCorr}
   (You found it on level 2 of the Snake Pit)

   [ring of resist corrosion]

   It greatly protects you from negative energy.
   It affects your willpower, your defense against some magical effects.
   It provides partial protection from all sources of acid and corrosion.
 G - the ring "Diathen" (left claw) {rC+ rN+++ Int-2 Dex+4 Slay-3}
   (You found it on level 1 of the Shoals)

   [ring of protection from cold]

   It affects your intelligence (-2).
   It affects your dexterity (+4).
   It affects your accuracy and damage with ranged weapons and melee attacks
   (-3).
   It protects you from cold.
   It renders you almost immune to negative energy.
 P - the ring "Wejen" {+Fly rF+ SInv}
   (You found it on level 1 of the Depths)

   [ring of protection from fire]

   It protects you from fire.
   It lets you see invisible.
   It lets you fly.
 Z - an uncursed ring of poison resistance
Wands
 q - a wand of iceblast (86)
 w - a wand of acid (41)
 y - a wand of random effects (96)
 C - a wand of paralysis (32)
 L - a wand of polymorph (43)
 O - a wand of flame (98)
 V - a wand of enslavement (24)
 W - a wand of digging (34)
 X - a wand of disintegration (32)
Scrolls
 f - 13 scrolls of magic mapping
 h - 14 scrolls of teleportation
 i - 10 scrolls of fog
 m - 6 scrolls of fear
 n - 9 scrolls of immolation
 z - 11 scrolls of identify
 B - 32 scrolls of remove curse
 H - 3 scrolls of summoning
Potions
 a - 4 potions of heal wounds
 o - 13 potions of lignification
 s - 12 potions of curing
 F - 3 potions of cancellation
 I - 3 potions of haste
 N - 10 potions of flight
 S - 3 potions of might
Books
 K - a manual of Evocations
Miscellaneous
 b - a lightning rod (4/4) (quivered)
 d - a phial of floods (inert)
 g - a phantom mirror (inert)
 x - a tin of tremorstones (1/2)
 Q - a condenser vane
 Y - a box of beasts (inert)


   Skills:
 - Level 22.5 Fighting
 - Level 20.0 Axes
 - Level 3.6(14.0) Polearms
 - Level 23.0 Armour
 - Level 0.8 Dodging
 - Level 2.0 Stealth
 - Level 22.0 Shields
 + Level 21.1 Evocations


You had 26 spell levels left.
You didn't know any spells.
Your spell library contained the following spells:

 Spells                   Type           Power        Failure   Level
 Animate Skeleton         Necr           0%           99%         1
 Apportation              Tloc           0%           99%         1
 Beastly Appendage        Tmut           0%           99%         1
 Corona                   Hex            0%           99%         1
 Foxfire                  Conj/Fire      0%           99%         1
 Freeze                   Ice            0%           99%         1
 Magic Dart               Conj           0%           99%         1
 Pain                     Necr           0%           99%         1
 Sandblast                Erth           0%           99%         1
 Shock                    Conj/Air       0%           99%         1
 Sting                    Tmut/Pois      0%           99%         1
 Summon Small Mammal      Summ           0%           99%         1
 Blink                    Tloc           N/A          100%        2
 Call Imp                 Summ           0%           100%        2
 Ensorcelled Hibernation  Hex/Ice        0%           100%        2
 Passwall                 Tmut/Erth      0%           100%        2
 Poisonous Vapours        Pois/Air       0%           100%        2
 Searing Ray              Conj           0%           100%        2
 Slow                     Hex            0%           100%        2
 Swiftness                Air            0%           100%        2
 Wereblood                Tmut           0%           100%        2
 Call Canine Familiar     Summ           0%           100%        3
 Confusing Touch          Hex            0%           100%        3
 Conjure Flame            Conj/Fire      0%           100%        3
 Dazzling Flash           Conj/Hex       0%           100%        3
 Frozen Ramparts          Ice            0%           100%        3
 Gell's Gravitas          Tloc           0%           100%        3
 Ignite Poison            Fire/Tmut/Pois 0%           100%        3
 Inner Flame              Hex/Fire       0%           100%        3
 Lesser Beckoning         Tloc           0%           100%        3
 Mephitic Cloud           Conj/Pois/Air  0%           100%        3
 Ozocubu's Armour         Ice            0%           100%        3
 Portal Projectile        Hex/Tloc       0%           100%        3
 Spider Form              Tmut/Pois      0%           100%        3
 Static Discharge         Conj/Air       0%           100%        3
 Stone Arrow              Conj/Erth      0%           100%        3
 Summon Guardian Golem    Hex/Summ       0%           100%        3
 Teleport Other           Tloc           0%           100%        3
 Tukima's Dance           Hex            0%           100%        3
 Vampiric Draining        Necr           0%           100%        3
 Airstrike                Air            0%           100%        4
 Animate Dead             Necr           0%           100%        4
 Cause Fear               Hex            0%           100%        4
 Fulminant Prism          Conj/Hex       0%           100%        4
 Hailstorm                Conj/Ice       0%           100%        4
 Ice Form                 Ice/Tmut       0%           100%        4
 Iskenderun's Mystic Bla  Conj/Tloc      0%           100%        4
 Leda's Liquefaction      Hex/Erth       0%           100%        4
 Olgreb's Toxic Radiance  Pois           0%           100%        4
 Passage of Golubria      Tloc           N/A          100%        4
 Petrify                  Tmut/Erth      0%           100%        4
 Sticky Flame             Conj/Fire      0%           100%        4
 Summon Ice Beast         Ice/Summ       0%           100%        4
 Summon Lightning Spire   Summ/Air       0%           100%        4
 Agony                    Necr           0%           100%        5
 Alistair's Intoxication  Tmut/Pois      0%           100%        5
 Blade Hands              Tmut           0%           100%        5
 Bolt of Magma            Conj/Fire/Erth 0%           100%        5
 Borgnjor's Vile Clutch   Necr/Erth      0%           100%        5
 Fireball                 Conj/Fire      0%           100%        5
 Iskenderun's Battlesphe  Conj           0%           100%        5
 Lee's Rapid Deconstruct  Erth           0%           100%        5
 Lightning Bolt           Conj/Air       0%           100%        5
 Metabolic Englaciation   Hex/Ice        0%           100%        5
 Silence                  Hex/Air        0%           100%        5
 Summon Forest            Summ/Tloc      0%           100%        5
 Yara's Violent Unravell  Hex/Tmut       0%           100%        5
 Conjure Ball Lightning   Conj/Air       0%           100%        6
 Death Channel            Necr           0%           100%        6
 Dispersal                Tloc           0%           100%        6
 Freezing Cloud           Conj/Ice/Air   0%           100%        6
 Invisibility             Hex            0%           100%        6
 Iron Shot                Conj/Erth      0%           100%        6
 Ozocubu's Refrigeration  Ice            0%           100%        6
 Simulacrum               Ice/Necr       0%           100%        6
 Haunt                    Necr/Summ      0%           100%        7
 Orb of Destruction       Conj           0%           100%        7
 Spellforged Servitor     Conj/Summ      0%           100%        7
 Borgnjor's Revivificati  Necr           0%           100%        8
 Disjunction              Tloc           0%           100%        8
 Ignition                 Fire           0%           100%        8
 Infestation              Necr           0%           100%        8
 Necromutation            Tmut/Necr      0%           100%        8
 Death's Door             Necr           0%           100%        9
 Tornado                  Air            0%           100%        9


Dungeon Overview and Level Annotations

Branches:
Dungeon (15/15)            Temple (0/1) D:5            Lair (6/6) D:11
 Shoals (4/4) Lair:2        Snake (4/4) Lair:2        Slime (5/5) Lair:6
    Orc (2/2) D:11            Elf (3/3) Orc:2        Vaults (5/5) D:14
  Crypt (3/3) Vaults:3       Tomb (1/3) Crypt:3      Depths (5/5) D:15
    Zot (5/5) Depths:5      IceCv (visited)         Volcano (visited)

Altars:
Ashenzari
Gozag
Kikubaaqudgha
Qazlal
Ru
Sif Muna
Uskayaw
Xom
Yredelemnul
The Shining One
Beogh

Shops:
D:10 *   Orc:2 =*[(   Elf:2 !   Shoals:3 [[=[   Snake:1 =}=   Snake:4 (
Vaults:1 :   Vaults:2 *   Depths:1 !

Portals:
Hell: Depths:1 Depths:2 Depths:3 Depths:4 Depths:5
Abyss: Depths:3 Depths:4
Pandemonium: Depths:1 Depths:3 Depths:4
Ziggurat: Depths:1
Trove: D:12 (lose all piety)

Annotations:
D:7 3 runed translucent doors, p0werm0de's ghost, novice MiCK
Lair:2 exclusion: oklob plant
Orc:2 1 runed translucent door, dohliylev's ghost, journeyman MiBe


Innate Abilities, Weirdness & Mutations

You have claws for hands.
You are completely covered in yellow scales. (AC +4, rCorr)
You frequently emit foul miasma when damaged in melee.
You resist negative energy. (rN+)
You are completely covered in sharp spines.
You are somewhat able to resist unholy torments (1 in 2 success).
Your melee attacks may debilitate your foes.
You are immune to miasma.
You have a beak for a mouth.
You have large cloven feet.
Your skin changes colour to match your surroundings (Stealth+).
You have an increased reservoir of magic. (+10% MP)
You are highly strong-willed. (Will++)
You passively map a small area around you.
Your natural rate of healing is unusually fast.
You are covered in fur. (AC +1)
Potions are less effective at restoring your health.


Message History

The burst of rock shards engulfs the Orb Guardian but does no damage.
The burst of rock shards engulfs the Orb Guardian.
The burst of rock shards engulfs the Orb Guardian but does no damage. x5
The burst of rock shards engulfs the Orb Guardian.
The burst of rock shards engulfs the Orb Guardian but does no damage. x3
The burst of rock shards engulfs the Orb Guardian!
The burst of rock shards engulfs the Orb Guardian!!
The burst of rock shards engulfs the Orb Guardian but does no damage. x2
The burst of rock shards engulfs the Orb Guardian!
You can drink potions again.
You hear a shout! x2; You hear a roar! x2
You block the Orb Guardian's attack. x2
The tentacled monstrosity tentacle-slaps you.
* * * LOW HITPOINT WARNING * * *
You emit a cloud of foul miasma!
You block the tentacled monstrosity's attack.
The tentacled monstrosity tentacle-slaps you but does no damage.
The Orb Guardian hits you!
You die...
Xom howls with laughter!

, * .........▓## ,
...........##
............# ▓▓▓▓▓▓▓▓▓
,, ,,,
............▓▓▓.......▓▓
..^L...L....▓▓...^.....▓▓
, ,
.2........^.▓....X......▓
.2...§.......[.XXXX.^..^.
, ,
.1..p..X....▓..X@XX...^.▓
, ,
.L.p§.......▓▓...X.....▓
.§.X§.......▓▓▓.......▓▓
.§XHX§§.....▓ ▓▓▓▓▓▓▓▓▓ ,
$^.§H§§....▓▓
..§§§§§..▓▓▓ , ..§§.§▓▓▓▓
▓▓▓▓▓▓▓


You could see a tentacled monstrosity and 8 Orb Guardians.

Vanquished Creatures
  the Royal Jelly (Slime:5)
  2 ancient liches
  A juggernaut (Abyss:4)
  Sojobo (Depths:4)
  Frederick (Crypt:2)
  3 curse toes
  10 golden dragons
  A profane servitor (Crypt:3)
  5 bone dragons
  A Tzitzimitl (Vaults:5)
  3 electric golems
  A shard shrike zombie (Crypt:1)
  16 tentacled monstrosities
  3 liches
  2 deep elf blademasters (Elf:3)
  Asterion (Elf:2)
  6 quicksilver dragons
  2 deep elf master archers (Elf:3)
  5 titans
  21 acid blobs
  11 tentacled starspawn
  19 death cobs
  6 ancient champions
  The ghost of Cophel the Brawler, an adept TrMo of Nemelex Xobeh (Depths:2)
  An Executioner (Abyss:1)
  4 sphinxes
  10 draconian monks
  23 shadow dragons
  Donald (Snake:3)
  A fenstrider witch (Zot:4)
  10 tengu reavers
  12 storm dragons
  7 nagarajas (Snake:4)
  15 azure jellies
  8 fire giants
  3 revenants
  10 draconian knights
  4 ghost moths
  9 frost giants
  4 deep elf sorcerers
  7 draconian scorchers
  2 iron dragons
  Aizul (Depths:1)
  A balrug (Abyss:4)
  A cacodemon (Abyss:1)
  A curse skull (Crypt:2)
  An angel (Abyss:4)
  A draconian stormcaller (Zot:1)
  6 deep elf elementalists
  3 draconian shifters
  An orc warlord (Orc:2)
  8 draconian annihilators
  15 ironheart preservers
  6 ghouls
  A reaper (Crypt:3)
  17 vault wardens
  18 stone giants
  2 vampire knights
  2 ophanim (Abyss:4)
  18 very ugly things
  10 black draconians
  A dire elephant (Elf:3)
  A lorocyproca (Abyss:1)
  7 deep elf demonologists
  8 green draconians
  An entropy weaver (Vaults:5)
  Azrael (D:15)
  2 spark wasps (shapeshifter) (Vaults:5)
  5 spark wasps
  6 white draconians
  10 purple draconians
  9 red draconians
  7 deep elf annihilators
  6 yellow draconians
  2 blizzard demons (IceCv)
  6 death oozes (Slime:5)
  3 mummy priests (Crypt:3)
  8 merfolk impalers
  3 eidola (Crypt:3)
  12 ettins
  3 merfolk javelineers
  14 fire dragons
  15 yaktaur captains
  7 jiangshi
  8 deep elf death magi
  14 great orbs of eyes
  4 deep elf high priests
  16 ogre magi
  Harold (D:9)
  29 vault guards
  3 rakshasas
  A hell beast (Depths:5)
  11 hydras
  16 naga warriors
  2 merfolk avatars
  7 boulder beetles
  2 alligator snapping turtles (Shoals:4)
  10 anacondas
  5 spriggan air magi
  12 ice dragons
  2 merfolk aquamancers (Shoals:4)
  12 centaur warriors
  3 death knights
  39 dancing weapons
  Erica (Lair:2)
  2 catoblepae
  14 death yaks
  5 satyrs
  8 deep troll shamans
  45 two-headed ogres
  7 deep troll earth magi
  12 naga sharpshooters
  3 hell hogs (Abyss:4)
  6 tengu warriors
  7 vampire magi
  9 thrashing horrors
  7 shock serpents
  5 spriggan berserkers
  A soul eater (Crypt:3)
  41 small abominations
  3 spriggans
  8 hell knights
  3 orc high priests (Orc:2)
  4 sun demons
  A storm dragon zombie (Depths:4)
  5 shadow wraiths
  Sonja (D:13)
  32 large abominations
  12 skeletal warriors
  16 wretched stars
  15 deep elf knights
  A fire crab (shapeshifter) (Vaults:5)
  2 titan skeletons
  3 sixfirhies
  3 salamander mystics
  8 sea snakes
  2 iron trolls
  4 spatial maelstroms
  28 deep trolls
  5 flayed ghosts
  A golden dragon zombie (Abyss:3)
  5 wizards
  A storm dragon skeleton (Abyss:2)
  9 naga ritualists
  A cherub (Abyss:4)
  3 unseen horrors
  A death drake (Abyss:2)
  An unseen horror (shapeshifter) (Depths:4)
  10 glowing orange brains
  A bunyip skeleton (Crypt:2)
  8 ironbrand convokers
  2 bog bodies (Crypt:1)
  A swamp dragon (Elf:2)
  A shadow dragon zombie (Crypt:2)
  11 harpies
  16 deep elf archers
  4 necromancers
  31 starcursed masses
  6 phantasmal warriors
  An anaconda skeleton (Crypt:3)
  10 orc knights
  2 orb spiders (shapeshifter)
  15 mana vipers
  3 human zombies
  4 orc sorcerers (Orc:2)
  61 deep elf magi
  14 fauns
  A stone giant zombie (Crypt:1)
  13 salamanders
  A wolf spider (shapeshifter) (Vaults:5)
  5 wolf spiders
  A will-o-the-wisp (Abyss:1)
  16 manticores
  A frost giant zombie (Crypt:1)
  32 ugly things
  4 oklob plants (Lair:6)
  25 moths of wrath
  A shadow dragon skeleton (Crypt:1)
  4 shining eyes
  9 cyclopes
  An iron dragon skeleton (Depths:5)
  A moth of wrath (shapeshifter) (Vaults:3)
  2 salamanders (shapeshifter)
  An apocalypse crab (Abyss:3)
  6 worldbinders
  6 merfolk sirens
  A spriggan zombie (Depths:4)
  8 elephants (Lair:6)
  2 ice statues (Elf:1)
  A stone giant skeleton (Crypt:3)
  5 water nymphs
  4 eyes of devastation
  13 vault sentinels
  A human skeleton (Vaults:4)
  5 guardian serpents
  18 naga magi
  A water nymph (shapeshifter) (D:15)
  37 black mambas
  A titan simulacrum (Crypt:1)
  A molten gargoyle (Volcano)
  3 rust devils
  A storm dragon simulacrum (Abyss:2)
  A cane toad (shapeshifter) (Vaults:4)
  3 orange demons
  10 cane toads
  4 gargoyles
  16 smoke demons
  4 hellions
  A white draconian zombie (Crypt:3)
  A demonic crawler (Abyss:2)
  A black draconian zombie (Crypt:2)
  A grey draconian zombie (Crypt:3)
  3 efreet
  7 komodo dragons
  42 yaktaurs
  5 anaconda simulacra
  6 hellwings
  8 ice devils
  A black draconian skeleton (Crypt:3)
  A tormentor (Depths:4)
  17 freezing wraiths
  A catoblepas skeleton (Crypt:3)
  13 guardian mummies (Crypt:3)
  2 red devils
  12 ancient zymes
  A meliai (shapeshifter) (Vaults:5)
  A pale draconian skeleton (Crypt:1)
  2 trolls (shapeshifter)
  4 tengu conjurers
  5 wind drakes
  3 polar bears (Lair:6)
  9 hornets
  32 merfolk
  2 meliai
  A hornet (shapeshifter) (Vaults:5)
  7 trolls
  A wind drake (shapeshifter) (D:15)
  A hydra skeleton (Abyss:2)
  26 blink frogs
  30 raiju
  19 dream sheep
  A harpy skeleton (Crypt:3)
  152 slime creatures
  A tyrant leech (Depths:5)
  11 snapping turtles
  A spriggan (shapeshifter) (Vaults:4)
  9 flying skulls
  A shadow (D:13)
  3 air elementals
  A fire dragon skeleton (Abyss:1)
  A redback (shapeshifter) (Vaults:4)
  A yak (shapeshifter) (Vaults:5)
  3 redbacks (Vaults:5)
  An ettin skeleton (Vaults:4)
  52 yaks
  2 dire elephant simulacra (IceCv)
  A tarantella (shapeshifter) (Vaults:1)
  A black mamba zombie (Crypt:1)
  8 water elementals
  9 wraiths
  10 ynoxinuls
  A human (shapeshifter) (Vaults:2)
  5 fire bats
  8 golden eyes
  6 wyverns
  3 vampires (Vaults:3)
  4 fire elementals
  3 ushabtiu (Crypt:3)
  A basilisk (shapeshifter) (Snake:1)
  A hog (shapeshifter) (Depths:1)
  5 basilisks
  A death yak simulacrum (IceCv)
  11 chaos spawn
  A neqoxec (Abyss:4)
  A steam dragon (D:11)
  6 wargs
  An elf simulacrum (Depths:5)
  4 vampire mosquitoes (D:10)
  40 nagas
  2 spatial vortices (Abyss:2)
  3 acid dragons
  Menkaure (D:7)
  3 harpy simulacra (IceCv)
  2 iron troll simulacra (IceCv)
  6 water moccasins
  A soldier ant (D:14)
  A soldier ant (shapeshifter) (Elf:2)
  Duvessa (D:7)
  3 hydra simulacra (IceCv)
  A water nymph skeleton (Crypt:2)
  A hell hound (D:15)
  A merfolk skeleton (Abyss:1)
  A sky beast (shapeshifter) (Vaults:2)
  A floating eye (shapeshifter) (Vaults:5)
  4 sky beasts
  45 orc warriors
  An ice beast (D:13)
  5 black bears
  8 eyes of draining
  A black bear (shapeshifter) (Depths:2)
  43 ogres
  3 phantoms
  An ettin simulacrum (IceCv)
  8 necrophages
  8 boggarts
  A torpor snail zombie (Crypt:1)
  23 wolves
  18 centaurs
  A hog zombie (Crypt:2)
  A swamp dragon skeleton (Crypt:3)
  An octopode zombie (Crypt:2)
  23 bullfrogs
  A draconian zombie (Crypt:2)
  A yaktaur zombie (Crypt:2)
  An earth elemental (Abyss:1)
  Dowan (D:7)
  3 scorpions
  A wyvern skeleton (D:13)
  A troll zombie (Crypt:2)
  11 killer bees
  5 wights (D:14)
  A yak skeleton (Crypt:3)
  3 electric eels
  A howler monkey (D:14)
  3 crimson imps
  A bullfrog zombie (D:11)
  2 draconian simulacra (IceCv)
  4 jellies
  6 centaur zombies
  5 lava snakes (Volcano)
  A demonspawn zombie (Crypt:2)
  6 hounds
  27 orc priests
  8 centaur skeletons
  37 orc wizards
  9 quasits
  5 bullfrog skeletons
  An iguana (D:12)
  9 iron imps
  2 spriggan simulacra
  8 worker ants
  2 polar bear simulacra (IceCv)
  A killer bee zombie (D:7)
  A centaur simulacrum (IceCv)
  2 hound zombies
  A tengu skeleton (Crypt:3)
  3 howler monkey zombies
  A worker ant zombie (D:5)
  7 gnolls
  A howler monkey skeleton (D:4)
  13 adders
  An ogre simulacrum (IceCv)
  A steam dragon zombie (Crypt:1)
  3 shadow imps
  15 white imps
  15 ufetubi
  2 oozes
  2 adder skeletons (D:4)
  4 worms
  4 dart slugs
  2 leopard geckos
  113 orcs
  5 ball pythons
  4 giant cockroaches
  7 goblins
  20 hobgoblins
  11 jackals
  8 quokkas
  13 bats
  6 frilled lizards
  A giant cockroach zombie (D:5)
  A jackal skeleton (D:4)
  A jackal zombie (D:6)
  10 kobolds
  A kobold skeleton (Crypt:3)
  A leopard gecko zombie (D:4)
  2 orc skeletons
  14 rats
  A bush (Lair:6)
  2 lurking horrors
  10 starspawn tentacles
2859 creatures vanquished.

Vanquished Creatures (collateral kills)
  2 Orb Guardians (Zot:5)
  Polyphemus (Shoals:3)
  A sphinx (Vaults:5)
  A storm dragon (Zot:5)
  A green draconian (Zot:5)
  A spark wasp (Depths:2)
  A yellow draconian (Zot:5)
  A merfolk javelineer (Shoals:4)
  A deep elf high priest (Elf:3)
  2 great orbs of eyes (Depths:5)
  An ice dragon (Depths:5)
  A hydra (Lair:1)
  A merfolk aquamancer (Shoals:4)
  A catoblepas (Lair:5)
  A dancing weapon (Vaults:5)
  A naga sharpshooter (Snake:2)
  A deep elf archer (Elf:2)
  A cherub (Abyss:4)
  A glowing orange brain (Depths:3)
  A deep elf mage (Elf:2)
  2 manticores
  2 fauns (Shoals:1)
  A salamander (Depths:3)
  3 large abominations (Abyss:4)
  2 black mambas (Lair:5)
  A torpor snail (Lair:4)
  A naga mage (Snake:4)
  An elephant (Lair:6)
  A merfolk (Shoals:3)
  A troll (D:11)
  2 blink frogs (Lair:6)
  A dream sheep (Lair:5)
  A slime creature (Slime:2)
  2 basilisks
  A yak (Lair:6)
  A golden eye (Slime:2)
  2 fire bats (Volcano)
  4 nagas (Snake:2)
  An orc warrior (Orc:2)
  A phantom (D:9)
  An elf simulacrum (Vaults:4)
  2 lava snakes (Volcano)
  An orc priest (D:8)
  A worker ant (D:8)
  2 orcs
60 creatures vanquished.

Vanquished Creatures (others)
  A fire giant (Depths:3)
  A draconian knight (Zot:2)
  A very ugly thing (Depths:3)
  A great orb of eyes (Depths:4)
  A rakshasa (Vaults:3)
  A hell beast (Depths:1)
  A dancing weapon (Depths:3)
  A deep troll earth mage (Depths:2)
  A two-headed ogre (Vaults:3)
  A deep elf archer (Elf:1)
  A naga mage (Snake:4)
  A freezing wraith (D:13)
  2 yaktaurs (Depths:4)
  A red devil (Depths:1)
  A merfolk (Shoals:4)
  A blink frog (Abyss:3)
  A spriggan (Depths:5)
  A boggart (Depths:1)
  A jelly (D:15)
  An orc priest (Vaults:1)
  2 small abominations
  A bush (Lair:6)
  10 foxfires (Abyss:1)
  24 fungi
  A lurking horror (Abyss:2)
  115 plants
  28 starspawn tentacles
  6 withered plants (D:4)
208 creatures vanquished.

Grand Total: 3127 creatures vanquished

Notes
Turn   | Place    | Note
-------+----------+-------------------------------------------
     0 | D:1      | StoneSoupSpirit the Demonspawn Chaos Knight began the quest
                  | for the Orb.
     0 | D:1      | Reached XP level 1. HP: 18/18 MP: 1/1
   283 | D:1      | Gained mutation: You are partially covered in sharp spines.
                  | [demonic ancestry]
   283 | D:1      | Reached XP level 2. HP: 24/24 MP: 2/2
   661 | D:1      | Reached XP level 3. HP: 29/29 MP: 3/3
   837 | D:1      | XOM: silly message
  1388 | D:2      | XOM: divination: detect items
  1501 | D:2      | XOM: silly message
  1552 | D:2      | XOM: give mutations
  1552 | D:2      | Gained mutation: You can translocate small distances at
                  | will. [Xom's grace]
  1552 | D:2      | Gained mutation: Your spells are a little harder to cast,
                  | but a little more powerful. [Xom's grace]
  1552 | D:2      | Gained mutation: Your muscles are strong. (Str +2) [Xom's
                  | grace]
  1552 | D:2      | Gained mutation: You have a pair of small horns on your
                  | head. [Xom's grace]
  1639 | D:2      | Gained mutation: You are mostly covered in sharp spines.
                  | [demonic ancestry]
  1639 | D:2      | Reached XP level 4. HP: 35/35 MP: 4/4
  1756 | D:2      | XOM: 2-stop teleportation journey
  1875 | D:2      | XOM: scenery: create altars
  1946 | D:2      | XOM: give mutations
  1946 | D:2      | Gained mutation: Your system is resistant to poisons.
                  | (rPois) [Xom's grace]
  1946 | D:2      | Gained mutation: You are partially covered in yellow
                  | scales. (AC +2) [Xom's grace]
  1956 | D:2      | XOM: god gift: thin smoking staff {god gift}
  1971 | D:2      | XOM: god gift: emerald potion {god gift}
  2210 | D:3      | XOM: confuse monster(s)
  2218 | D:3      | Reached skill level 5 in Axes
  2398 | D:3      | Mutation became permanent: You are partially covered in
                  | yellow scales. (AC +2) [demonic ancestry]
  2398 | D:3      | Gained mutation: You are partially covered in yellow
                  | scales. (AC +2) [demonic ancestry]
  2398 | D:3      | Reached XP level 5. HP: 41/41 MP: 5/5
  2414 | D:3      | Found a faded altar of an unknown god.
  2820 | D:3      | XOM: god gift: inky potion {god gift}
  2830 | D:3      | XOM: 3-stop teleportation journey
  3291 | D:4      | XOM: draining
  3315 | D:4      | Reached XP level 6. HP: 36/42 MP: 3/6
  3617 | D:4      | XOM: polymorph frilled lizard -> ball python
  3704 | D:4      | Noticed a shapeshifter
  3704 | D:4      | an ooze changed into a shapeshifter
  3704 | D:4      | Noticed a raiju
  3704 | D:4      | a shapeshifter changed into a raiju
  3715 | D:4      | XOM: cast spell 'Shadow Creatures'
  3727 | D:4      | XOM: 1-stop teleportation journey
  3833 | D:5      | Entered Level 5 of the Dungeon
  3849 | D:5      | Gained mutation: You are mostly covered in yellow scales.
                  | (AC +3) [demonic ancestry]
  3849 | D:5      | Reached XP level 7. HP: 12/52 MP: 1/7
  3888 | D:5      | XOM: god gift: 9 gold pieces
  4227 | D:5      | Got a scorched war axe
  4235 | D:5      | XOM: fog
  4237 | D:5      | Identified the +0 war axe "Emenuph" {protect, rF+ Str+3}
                  | (You found it on level 5 of the Dungeon)
  4328 | D:5      | Found a staircase to the Ecumenical Temple.
  4330 | D:5      | XOM: 3-stop teleportation journey
  4462 | D:5      | Found a hide-covered altar of Uskayaw.
  4463 | D:5      | Found a sacrificial altar of Ru.
  4464 | D:5      | Found an opulent altar of Gozag.
  4482 | D:5      | XOM: confusion
  4545 | D:5      | XOM: chaos upgrade
  4565 | D:5      | XOM: summons 1 hostile demon
  4592 | D:5      | Gained mutation: You have sharp fingernails. [demonic
                  | ancestry]
  4592 | D:5      | Reached XP level 8. HP: 58/58 MP: 8/8
  5005 | D:5      | XOM: torment (33/58 hp)
  5519 | D:6      | XOM: stat loss: -1 Str (18/19)
  5673 | D:6      | Got a sparkling ivory ring
  5763 | D:6      | XOM: 1-stop teleportation journey
  5791 | D:6      | XOM: 4-stop teleportation journey
  5840 | D:6      | XOM: 3-stop teleportation journey
  5895 | D:6      | Reached skill level 10 in Axes
  6302 | D:7      | XOM: stat loss: -1 Str (18/19)
  6327 | D:7      | XOM: noise
  6478 | D:7      | XOM: polymorph sky beast -> fire bat
  6610 | D:7      | Gained mutation: You are completely covered in yellow
                  | scales. (AC +4, rCorr) [demonic ancestry]
  6610 | D:7      | Reached XP level 9. HP: 59/63 MP: 6/9
  6652 | D:7      | Noticed Menkaure
  6796 | D:7      | Noticed Dowan
  6797 | D:7      | Noticed Duvessa
  6805 | D:7      | XOM: noise
  6812 | D:7      | XOM: fog
  6813 | D:7      | Killed Duvessa
  6814 | D:7      | Reached skill level 1 in Evocations
  6817 | D:7      | Killed Dowan
  6848 | D:7      | XOM: silly message
  6962 | D:7      | Killed Menkaure
  7008 | D:7      | XOM: give mutations
  7008 | D:7      | Gained mutation: You are frail. (-10% HP) [Xom's mischief]
  7098 | D:7      | Reached skill level 5 in Evocations
  7695 | D:7      | Found a runed translucent gate.
  7695 | D:7      | Found a runed translucent gate.
  7695 | D:7      | Found a runed translucent gate.
  7696 | D:7      | Noticed p0werm0de's ghost (novice MiCK)
  8341 | D:8      | You fall into a shaft and drop 1 floor!
  8566 | D:9      | Identified the ring of Sukuth {rElec MP+9 Int+2} (You found
                  | it on level 6 of the Dungeon)
  8748 | D:9      | XOM: 1-stop teleportation journey
  8775 | D:9      | Noticed Harold
  8780 | D:9      | XOM: cast spell 'Summon Horrible Things'
  8783 | D:9      | Killed Harold
  8784 | D:9      | Reached XP level 10. HP: 42/63 MP: 4/10
  9031 | D:9      | XOM: 1-stop teleportation journey
  9163 | D:9      | Noticed a white ugly thing
  9193 | D:10     | Entered Level 10 of the Dungeon
  9374 | D:10     | XOM: blink monster(s)
  9433 | D:10     | XOM: cast spell 'Call Canine Familiar'
  9486 | D:10     | Found Zataoh's Serpentskin Sales.
  9493 | D:10     | Bought an uncursed ring of poison resistance for 260 gold
                  | pieces
  9503 | D:10     | Noticed a two-headed ogre
  9525 | D:10     | XOM: summons friendly crimson imp
  9830 | D:11     | You fall into a shaft and drop 1 floor!
  9930 | D:12     | XOM: enchant monster (good)
  9952 | D:12     | Reached skill level 1 in Stealth
  9959 | D:12     | XOM: silly message
  9979 | D:12     | Noticed a two-headed ogre
  9996 | D:12     | XOM: give mutations
  9996 | D:12     | Gained mutation: Your mind is acute. (Int +2) [Xom's grace]
  9996 | D:12     | Gained mutation: You possess an exceptional clarity of
                  | mind. [Xom's grace]
  9996 | D:12     | Lost mutation: You are frail. (-10% HP) [Xom's grace]
  9996 | D:12     | Gained mutation: You expend magic power (3 MP) to
                  | strengthen your wands. [Xom's grace]
 10014 | D:12     | Found a portal to a secret trove of treasure.
 10039 | D:12     | Noticed a cyclops
 10060 | D:12     | XOM: scenery: summon butterflies
 10172 | D:12     | XOM: divination: detect creatures
 10174 | D:12     | XOM: enchant monster (good)
 10293 | D:12     | XOM: cleaving
 10305 | D:12     | Killed a cyclops
 10312 | D:12     | Gained mutation: You are completely covered in sharp
                  | spines. [demonic ancestry]
 10312 | D:12     | Reached XP level 11. HP: 75/75 MP: 11/11
 10452 | D:12     | Noticed a skeletal warrior
 10453 | D:12     | Noticed a skeletal warrior
 10453 | D:12     | Noticed a skeletal warrior
 10465 | D:12     | Noticed a death knight
 10466 | D:12     | Noticed a phantasmal warrior
 10468 | D:11     | Found a staircase to the Lair.
 10478 | D:11     | XOM: polymorph something unseen -> bat
 10482 | D:10     | XOM: summons friendly shadow imp
 10487 | D:10     | Killed a two-headed ogre
 10784 | D:10     | XOM: god gift: 787 gold pieces
 10824 | D:10     | Lost mutation: Your muscles are strong. (Str +2) [potion of
                  | mutation]
 10824 | D:10     | Lost mutation: Your system is resistant to poisons. (rPois)
                  | [potion of mutation]
 10824 | D:10     | Lost mutation: Your spells are a little harder to cast, but
                  | a little more powerful. [potion of mutation]
 10824 | D:10     | Gained mutation: Your spells are a little harder to cast,
                  | but a little more powerful. [potion of mutation]
 10824 | D:10     | Gained mutation: You are strong-willed. (Will+) [potion of
                  | mutation]
 10824 | D:10     | Gained mutation: You have large cloven feet. [potion of
                  | mutation]
 10929 | D:10     | XOM: summons 6 hostile demons
 11074 | D:11     | XOM: noise
 11260 | D:11     | XOM: summons 6 friendly demons
 11423 | D:11     | XOM: silly message
 11447 | D:11     | Found a staircase to the Orcish Mines.
 11493 | D:11     | Found a large runed translucent door.
 11493 | D:11     | Found a large runed translucent door.
 11600 | D:11     | XOM: cast spell 'Cause Fear'
 11756 | D:11     | Noticed a brown ugly thing
 11780 | D:11     | Killed a brown ugly thing
 11794 | D:11     | Found a large runed translucent door.
 11795 | D:11     | Found a large runed translucent door.
 11866 | D:11     | Killed an unseen horror
 11867 | D:11     | Reached skill level 15 in Axes
 11887 | D:11     | XOM: divination: detect items
 11901 | D:11     | XOM: potion effect (haste)
 11915 | D:11     | Killed an unseen horror
 11958 | D:11     | Noticed a centaur warrior
 11964 | D:11     | Killed a centaur warrior
 12138 | D:11     | XOM: potion effect (invisibility)
 12394 | D:11     | XOM: divination: magic mapping
 12411 | D:11     | Noticed a red ugly thing
 12429 | D:11     | Killed a red ugly thing
 12458 | D:11     | XOM: silly message
 12553 | D:11     | XOM: potion effect (curing)
 12556 | D:11     | Identified 4 scrolls of acquirement
 12556 | D:11     | Acquired a +2 crystal plate armour
 12569 | D:11     | Acquired a manual of Spellcasting
 12571 | D:11     | Acquired the ring of Xom's Malicious Joy {rN+ SInv}
 12573 | D:11     | Acquired the ring of Uffiwkut {*Drain rElec rF+++ rC++
                  | MP+9}
 12763 | D:11     | XOM: confuse monster(s)
 12998 | D:12     | Noticed a cyan ugly thing
 13005 | D:12     | Killed a cyan ugly thing
 13006 | D:12     | Gained mutation: You are immune to miasma. [demonic
                  | ancestry]
 13006 | D:12     | Reached XP level 12. HP: 71/81 MP: 12/12
 13121 | D:12     | XOM: silly message
 13130 | D:11     | Killed a two-headed ogre
 13135 | D:11     | Reached skill level 2 in Armour
 13179 | D:11     | XOM: silly message
 13592 | D:13     | Reached skill level 3 in Armour
 13629 | D:13     | XOM: cast spell 'Call Canine Familiar'
 13643 | D:13     | Noticed a death knight
 13643 | D:13     | XOM: enchant monster (good)
 13652 | D:13     | XOM: destruction
 13653 | D:13     | XOM: destruction
 13663 | D:13     | Reached skill level 4 in Armour
 13673 | D:13     | Killed a death knight
 13728 | D:14     | Noticed a boulder beetle
 13803 | D:13     | XOM: scenery: 3 doors open
 13908 | D:13     | XOM: smoke on damage
 13922 | D:13     | Reached skill level 5 in Armour
 13931 | D:13     | XOM: give mutations
 13931 | D:13     | Gained mutation: You passively map a small area around you.
                  | [Xom's grace]
 13931 | D:13     | Gained mutation: Your mind is very acute. (Int +4) [Xom's
                  | grace]
 14033 | D:13     | XOM: 4-stop teleportation journey
 14071 | D:13     | XOM: scenery: create altars
 14079 | D:13     | XOM: polymorph orc -> jackal
 14125 | D:13     | Found a glowing golden altar of the Shining One.
 14141 | D:13     | Reached skill level 6 in Armour
 14354 | D:13     | XOM: summons 3 hostile demons
 14387 | D:13     | Reached skill level 7 in Armour
 14421 | D:13     | XOM: butterfly on damage
 14556 | D:13     | XOM: confuse monster(s)
 14633 | D:13     | Noticed a centaur warrior
 14636 | D:13     | Killed a centaur warrior
 14637 | D:13     | Reached skill level 8 in Armour
 14642 | D:13     | Noticed Sonja
 14654 | D:13     | Killed Sonja
 14829 | D:14     | XOM: god gift: 14 arrows
 14848 | D:14     | Killed a boulder beetle
 14850 | D:14     | XOM: 2-stop teleportation journey
 15001 | D:14     | Reached skill level 9 in Armour
 15159 | D:14     | XOM: scenery: summon butterflies
 15160 | D:14     | XOM: god gift: giant club {god gift}
 15214 | D:14     | XOM: cleaving
 15221 | D:14     | XOM: fog
 15287 | D:14     | XOM: 2-stop teleportation journey
 15378 | D:14     | Gained mutation: You may emit foul miasma when damaged in
                  | melee. [demonic ancestry]
 15378 | D:14     | Reached XP level 13. HP: 73/86 MP: 13/13
 15518 | D:14     | XOM: scenery: create altars
 15525 | D:14     | XOM: summons friendly ufetubus
 15543 | D:14     | XOM: divination: magic mapping
 15563 | D:14     | Reached skill level 10 in Armour
 15670 | D:14     | XOM: give mutations
 15670 | D:14     | Gained mutation: Armour fits poorly on your strangely
                  | shaped body. [Xom's mischief]
 15670 | D:14     | Lost mutation: Armour fits poorly on your strangely shaped
                  | body. [Xom's mischief]
 15693 | D:14     | XOM: destruction
 15797 | D:14     | XOM: divination: detect items
 15841 | D:14     | XOM: god gift: 584 gold pieces
 15864 | D:14     | Found a gate to the Vaults.
 16047 | D:14     | You fall into a shaft and drop 1 floor!
 16047 | D:15     | Entered Level 15 of the Dungeon
 16091 | D:15     | XOM: fog
 16094 | D:15     | XOM: enchant monster (bad)
 16108 | D:15     | XOM: potion effect (heal wounds)
 16112 | D:15     | XOM: potion effect (berserk rage)
 16120 | D:15     | XOM: silly message
 16240 | D:15     | Found a staircase to the Depths.
 16255 | D:15     | XOM: enchant monster (bad)
 16450 | D:15     | Noticed Azrael
 16456 | D:15     | XOM: blink monster(s)
 16474 | D:15     | Killed Azrael
 16651 | D:15     | XOM: enchant monster (bad)
 16659 | D:15     | XOM: enchant monster (bad)
 16841 | D:15     | Reached skill level 10 in Evocations
 17489 | Lair:1   | Entered Level 1 of the Lair of Beasts
 17501 | Lair:1   | Reached skill level 5 in Fighting
 17629 | Lair:1   | Found a stormy altar of Qazlal.
 17854 | Lair:1   | XOM: polymorph blink frog -> bat
 17896 | Lair:1   | XOM: 1-stop teleportation journey
 17992 | Lair:1   | XOM: give mutation
 17992 | Lair:1   | Lost mutation: You have large cloven feet. [Xom's mischief]
 18110 | Lair:1   | XOM: 8-stop teleportation journey
 18281 | Lair:1   | XOM: enchant monster (bad)
 18341 | Lair:1   | XOM: summons 7 hostile demons
 18617 | Lair:2   | XOM: 1-stop teleportation journey
 18624 | Lair:2   | Gained mutation: You have very sharp fingernails. [demonic
                  | ancestry]
 18624 | Lair:2   | Reached XP level 14. HP: 85/103 MP: 14/14
 18725 | Lair:2   | Found a staircase to the Snake Pit.
 18737 | Lair:2   | XOM: polymorph naga -> worker ant
 18788 | Lair:2   | XOM: confuse monster(s)
 18952 | Lair:2   | XOM: scenery: create altars
 18953 | Lair:2   | XOM: fake destruction
 19244 | Lair:2   | Identified the +8 spear of Mein Lus {vorpal, +Blink rPois
                  | Dex-4 Stlth+} (You found it on level 2 of the Lair of
                  | Beasts)
 19277 | Snake:1  | Entered Level 1 of the Snake Pit
 19320 | Lair:2   | XOM: enchant monster (good)
 19330 | Lair:2   | Reached skill level 1 in Shields
 19331 | Lair:2   | Found a staircase to the Shoals.
 19331 | Lair:2   | XOM: 3-stop teleportation journey
 19456 | Lair:2   | Noticed Erica
 19471 | Lair:2   | Killed Erica
 19520 | Lair:2   | XOM is BORED!
 19653 | Lair:3   | Found a dark tunnel.
 19661 | Volcano  | Entered a volcano
 19806 | Volcano  | XOM: potion effect (might)
 19810 | Volcano  | XOM: potion effect (might)
 19833 | Volcano  | Found a bloodstained altar of Trog.
 19833 | Volcano  | XOM: potion effect (heal wounds)
 19944 | Volcano  | XOM: divination: detect creatures
 19964 | Volcano  | XOM: potion effect (curing)
 20104 | Lair:3   | XOM: silly message
 20145 | Lair:3   | XOM: divination: detect creatures
 20312 | Lair:3   | XOM: potion effect (curing)
 20516 | Lair:3   | Reached skill level 10 in Fighting
 20909 | Lair:4   | XOM: confuse monster(s)
 20912 | Lair:4   | XOM: noise
 21083 | Lair:4   | XOM: silly message
 21237 | Lair:4   | XOM: summons friendly crimson imp
 21243 | Lair:4   | XOM: summons friendly quasit
 21247 | Lair:4   | XOM: cast spell 'Death Channel'
 21915 | Lair:4   | XOM: silly message
 21966 | Lair:5   | XOM: potion effect (heal wounds)
 21973 | Lair:5   | XOM: swap monsters
 21987 | Lair:5   | XOM: 1-stop teleportation journey
 22037 | Lair:5   | XOM: summons friendly quasit
 22143 | Lair:5   | XOM: confuse monster(s)
 22471 | Lair:5   | XOM: swap monsters
 22496 | Lair:5   | XOM: silly message
 22508 | Lair:5   | XOM: noise
 22509 | Lair:5   | XOM: enchant monster (bad)
 22513 | Lair:5   | XOM: enchant monster (bad)
 23008 | Lair:5   | XOM: noise
 23015 | Lair:6   | Entered Level 6 of the Lair of Beasts
 23028 | Lair:6   | XOM: enchant monster (bad)
 23061 | Lair:6   | XOM: divination: detect items
 23081 | Lair:6   | XOM: blink monster(s)
 23098 | Lair:6   | Reached XP level 15. HP: 102/115 MP: 15/15
 23140 | Lair:6   | XOM: noise
 23306 | Lair:6   | XOM: silly message
 23351 | Lair:6   | XOM: fog
 23381 | Lair:6   | XOM: god gift: glowing rapier {god gift}
 23397 | Lair:6   | Got a translucent chain mail
 23408 | Lair:6   | Identified the +3 chain mail of the Mackerel {rElec rC+
                  | Stlth+} (You found it on level 6 of the Lair of Beasts)
 23546 | Lair:6   | XOM: 1-stop teleportation journey
 23561 | Lair:6   | XOM: cast spell 'Metabolic Englaciation'
 23570 | Lair:6   | XOM: summons friendly white imp
 23581 | Lair:6   | XOM: noise
 23872 | Lair:6   | XOM: silly message
 24101 | Lair:6   | XOM: silly message
 24139 | Lair:6   | XOM: cast spell 'Summon Horrible Things'
 24190 | Lair:6   | XOM: scenery: create altars
 24204 | Lair:6   | XOM: enchant monster (good)
 24241 | Lair:6   | XOM: summons 3 friendly demons
 24287 | Lair:6   | XOM: summons 6 friendly demons
 24312 | Lair:6   | XOM: summons 1 hostile demon
 24637 | Lair:6   | XOM: cast spell 'Shadow Creatures'
 24823 | Lair:6   | XOM: god gift: thick jewelled staff {god gift}
 25067 | Lair:6   | Found a staircase to the Slime Pits.
 25261 | Snake:1  | XOM: divination: magic mapping
 25285 | Snake:1  | XOM: confuse monster(s)
 25352 | Snake:1  | XOM: cloud trail
 25380 | Snake:1  | XOM: 2-stop teleportation journey
 25382 | Snake:1  | XOM: divination: detect creatures
 25392 | Snake:1  | XOM: snakes to sticks
 25807 | Snake:1  | XOM: 3-stop teleportation journey
 25811 | Snake:1  | XOM: polymorph naga mage -> shapeshifter
 25922 | Snake:1  | XOM: give mutations
 25922 | Snake:1  | Lost mutation: You possess an exceptional clarity of mind.
                  | [Xom's mischief]
 25922 | Snake:1  | Lost mutation: Your mind is very acute. (Int +4) [Xom's
                  | mischief]
 25922 | Snake:1  | Gained mutation: Your body sometimes deteriorates upon
                  | taking damage. [Xom's mischief]
 25975 | Snake:1  | Found Buhamniy's Jewellery Emporium.
 25975 | Snake:1  | Found Hingeiv's Jewellery Emporium.
 25975 | Snake:1  | Found Leahaunk's Gadget Boutique.
 25975 | Snake:1  | XOM: 3-stop teleportation journey
 26010 | Snake:1  | XOM: polymorph naga sharpshooter -> black mamba
 26020 | Snake:1  | XOM: give mutations
 26020 | Snake:1  | Lost mutation: Your body sometimes deteriorates upon taking
                  | damage. [Xom's mischief]
 26020 | Snake:1  | Lost mutation: You are strong-willed. (Will+) [Xom's
                  | mischief]
 26020 | Snake:1  | Gained mutation: Scrolls take you a little longer to read.
                  | [Xom's mischief]
 26020 | Snake:1  | Lost mutation: You passively map a small area around you.
                  | [Xom's mischief]
 26297 | Snake:1  | XOM: summons 3 hostile demons
 26313 | Snake:1  | Bought the amulet "Pufomie" {rElec rN+ Regen+ SInv} for 681
                  | gold pieces
 26332 | Snake:1  | Bought a phantom mirror for 520 gold pieces
 26342 | Snake:1  | Bought a wand of digging (5) for 234 gold pieces
 26455 | Snake:1  | XOM: swap monsters
 27028 | Snake:1  | XOM: give mutations
 27028 | Snake:1  | Lost mutation: Your spells are a little harder to cast, but
                  | a little more powerful. [Xom's mischief]
 27028 | Snake:1  | Gained mutation: Armour fits poorly on your strangely
                  | shaped body. [Xom's mischief]
 27028 | Snake:1  | Lost mutation: Your mind is acute. (Int +2) [Xom's
                  | mischief]
 27028 | Snake:1  | Gained mutation: You are weak. (Str -2) [Xom's mischief]
 27030 | Snake:1  | XOM: stat loss: -1 Dex (13/14)
 27098 | Snake:2  | XOM is BORED!
 27098 | Snake:2  | XOM: give mutations
 27098 | Snake:2  | Gained mutation: You are clumsy. (Dex -2) [Xom's mischief]
 27098 | Snake:2  | Gained mutation: You are occasionally teleported next to
                  | monsters. [Xom's mischief]
 27099 | Snake:2  | Lost mutation: You expend magic power (3 MP) to strengthen
                  | your wands. [potion of mutation]
 27099 | Snake:2  | Lost mutation: You are weak. (Str -2) [potion of mutation]
 27099 | Snake:2  | Gained mutation: You expend magic power (3 MP) to
                  | strengthen your wands. [potion of mutation]
 27099 | Snake:2  | Lost mutation: Scrolls take you a little longer to read.
                  | [potion of mutation]
 27099 | Snake:2  | Gained mutation: Your mind is acute. (Int +2) [potion of
                  | mutation]
 27100 | Snake:2  | Lost mutation: You are clumsy. (Dex -2) [potion of
                  | mutation]
 27100 | Snake:2  | Lost mutation: Your mind is acute. (Int +2) [potion of
                  | mutation]
 27100 | Snake:2  | Lost mutation: You can translocate small distances at will.
                  | [potion of mutation]
 27100 | Snake:2  | Lost mutation: You expend magic power (3 MP) to strengthen
                  | your wands. [potion of mutation]
 27100 | Snake:2  | Gained mutation: Your magical capacity is low. (-10% MP)
                  | [potion of mutation]
 27100 | Snake:2  | Gained mutation: Potions are less effective at restoring
                  | your health. [potion of mutation]
 27100 | Snake:2  | Gained mutation: You possess an exceptional clarity of
                  | mind. [potion of mutation]
 27100 | Snake:2  | Gained mutation: Your system is resistant to poisons.
                  | (rPois) [potion of mutation]
 27101 | Snake:2  | Lost mutation: You have a pair of small horns on your head.
                  | [potion of mutation]
 27101 | Snake:2  | Lost mutation: Armour fits poorly on your strangely shaped
                  | body. [potion of mutation]
 27101 | Snake:2  | Gained mutation: You are covered in fur. (AC +1) [potion of
                  | mutation]
 27101 | Snake:2  | Gained mutation: You expend magic power (3 MP) to
                  | strengthen your wands. [potion of mutation]
 27204 | Snake:2  | XOM: polymorph mana viper -> two-headed ogre
 27249 | Snake:2  | Got a translucent jade ring
 27445 | Snake:2  | XOM: snakes to sticks
 27484 | Snake:2  | XOM: enchant monster (bad)
 27645 | Snake:2  | XOM: silly message
 27651 | Snake:2  | XOM: cleaving
 27758 | Snake:2  | XOM: scenery: summon butterflies
 27818 | Snake:2  | XOM: scenery: summon butterflies
 27822 | Snake:2  | XOM: fog
 27843 | Snake:2  | Reached XP level 16. HP: 102/122 MP: 14/14
 27959 | Snake:2  | XOM: draining
 28023 | Snake:2  | XOM: cast spell 'Summon Horrible Things'
 28201 | Snake:2  | XOM: god gift: wand of digging (6)
 28278 | Snake:2  | XOM: confuse monster(s)
 28288 | Snake:2  | XOM: polymorph naga sharpshooter -> faun
 28384 | Snake:2  | XOM: enchant monster (good)
 28774 | Snake:2  | XOM: summons 6 hostile demons
 29039 | Snake:3  | XOM: god gift: hardcover book {god gift}
 29108 | Snake:3  | Noticed Donald
 29117 | Snake:3  | Killed Donald
 29313 | Snake:3  | Lost mutation: Potions are less effective at restoring your
                  | health. [potion of mutation]
 29313 | Snake:3  | Lost mutation: Your system is resistant to poisons. (rPois)
                  | [potion of mutation]
 29313 | Snake:3  | Lost mutation: You are occasionally teleported next to
                  | monsters. [potion of mutation]
 29313 | Snake:3  | Lost mutation: Your magical capacity is low. (-10% MP)
                  | [potion of mutation]
 29313 | Snake:3  | Gained mutation: You can translocate small distances at
                  | will. [potion of mutation]
 29313 | Snake:3  | Gained mutation: You have sharp toenails. [potion of
                  | mutation]
 29498 | Snake:3  | XOM: destruction
 29731 | Snake:3  | Reached skill level 11 in Armour
 29876 | Snake:4  | Entered Level 4 of the Snake Pit
 29893 | Snake:4  | XOM: enchant monster (bad)
 29921 | Snake:4  | XOM: summons 14 friendly demons
 30084 | Snake:4  | XOM: summons 8 friendly demons
 30087 | Snake:4  | XOM: summons 5 friendly demons
 30104 | Snake:4  | XOM: chaos cloud
 30257 | Snake:4  | Reached skill level 12 in Armour
 30260 | Snake:4  | XOM: scenery: create altars
 30298 | Snake:4  | XOM: silly message
 30365 | Snake:4  | XOM: summons friendly shadow imp
 30369 | Snake:4  | XOM: summons friendly quasit
 30407 | Snake:4  | XOM: noise
 30485 | Snake:4  | XOM: potion effect (might)
 30605 | Snake:4  | Reached skill level 13 in Armour
 30684 | Snake:4  | XOM: summons 6 friendly demons
 30981 | Orc:1    | Entered Level 1 of the Orcish Mines
 30981 | Orc:1    | XOM: potion effect (curing)
 31036 | Orc:1    | XOM: cast spell 'Summon Small Mammal'
 31256 | Orc:1    | Found a roughly hewn altar of Beogh.
 31389 | Orc:2    | Entered Level 2 of the Orcish Mines
 31389 | Orc:2    | Found a staircase to the Elven Halls.
 31640 | Orc:2    | Found a runed translucent door.
 31641 | Orc:2    | Noticed dohliylev's ghost (journeyman MiBe)
 31687 | Orc:2    | XOM: give mutations
 31687 | Orc:2    | Gained mutation: You are weak. (Str -2) [Xom's mischief]
 31687 | Orc:2    | Lost mutation: You are weak. (Str -2) [Xom's mischief]
 31687 | Orc:2    | Gained mutation: Your spells are a little easier to cast,
                  | but a little less powerful. [Xom's mischief]
 31715 | Orc:2    | XOM: 1-stop teleportation journey
 31878 | Orc:2    | XOM: noise
 31927 | Orc:2    | XOM: swap monsters
 31934 | Orc:2    | Reached skill level 5 in Shields
 32198 | Orc:2    | XOM: enchant monster (bad)
 32234 | Orc:2    | XOM: divination: detect items
 32236 | Orc:2    | Paralysed by an orc sorcerer for 6 turns
 32242 | Orc:2    | XOM: scenery: summon butterflies
 32247 | Orc:2    | XOM: divination: detect creatures
 32322 | Orc:2    | XOM: blink monster(s)
 32343 | Orc:2    | XOM: potion effect (berserk rage)
 32345 | Orc:2    | XOM: cleaving
 32347 | Orc:2    | Reached XP level 17. HP: 107/128 MP: 17/17
 32466 | Orc:2    | Found Siec's Antique Armour Emporium.
 32467 | Orc:2    | Found Ynea's Antique Weapon Shoppe.
 32469 | Orc:2    | Found Ralewo's General Store.
 32469 | Orc:2    | Found Niwoi's Jewellery Emporium.
 32469 | Orc:2    | XOM: noise
 32491 | Orc:2    | Bought a tin of tremorstones (2/2) for 560 gold pieces
 32617 | Lair:1   | XOM: give mutation
 32617 | Lair:1   | Gained mutation: You are frail. (-10% HP) [Xom's mischief]
 32670 | Shoals:1 | Entered Level 1 of the Shoals
 32872 | Shoals:1 | XOM: noise
 32901 | Shoals:1 | XOM: chaos upgrade
 32908 | Shoals:1 | XOM: enchant monster (bad)
 32918 | Shoals:1 | Got a twitching brass ring
 32920 | Shoals:1 | Identified the ring of Luh Riul {rN++ Will+ rCorr} (You
                  | found it on level 2 of the Snake Pit)
 32921 | Shoals:1 | Identified the ring "Diathen" {rC+ rN+++ Int-2 Dex+4
                  | Slay-3} (You found it on level 1 of the Shoals)
 33049 | Shoals:1 | XOM: 2-stop teleportation journey
 33607 | Shoals:2 | XOM: summons 1 hostile demon
 33609 | Shoals:2 | XOM: chaos cloud
 33745 | Shoals:2 | XOM: god gift: 21 gold pieces
 33817 | Shoals:2 | XOM: swap monsters
 33926 | Shoals:2 | XOM: 5-stop teleportation journey
 33938 | Shoals:2 | XOM: polymorph merfolk siren -> spark wasp
 34322 | Shoals:3 | XOM: smoke on damage
 34323 | Shoals:3 | Found Ytray's Armour Emporium.
 34334 | Shoals:3 | Reached skill level 10 in Shields
 34554 | Shoals:3 | Found Titooxas's Antique Armour Shoppe.
 34567 | Shoals:3 | Noticed Polyphemus
 34595 | Shoals:3 | Killed Polyphemus
 34600 | Shoals:3 | XOM: fake destruction
 34697 | Shoals:3 | XOM: torment (50/115 hp)
 34810 | Shoals:3 | XOM: summons 8 friendly demons
 34971 | Shoals:3 | XOM: scenery: summon butterflies
 34981 | Shoals:3 | Found Kulim's Antique Armour Shop.
 34986 | Shoals:3 | Found Gassyes's Jewellery Emporium.
 35001 | Shoals:3 | XOM: polymorph butterfly -> bat
 35017 | Shoals:3 | Bought the amulet of Accord {rF- Will+ Regen+ Str+2 Stlth+}
                  | for 894 gold pieces
 35076 | Shoals:3 | XOM: 4-stop teleportation journey
 35124 | Shoals:3 | XOM: cast spell 'Leda's Liquefaction'
 35177 | Shoals:3 | XOM: 5-stop teleportation journey
 35196 | Shoals:4 | Entered Level 4 of the Shoals
 35203 | Shoals:4 | XOM: enchant monster (good)
 35303 | Shoals:4 | XOM: noise
 35313 | Shoals:4 | XOM: enchant monster (good)
 35317 | Shoals:4 | XOM: enchant monster (bad)
 35322 | Shoals:4 | XOM: 1-stop teleportation journey
 35323 | Shoals:4 | XOM: summons friendly quasit
 35338 | Shoals:4 | XOM: smoke on damage
 35587 | Shoals:4 | XOM: cast spell 'Discord'
 35604 | Shoals:4 | XOM: divination: magic mapping
 35986 | D:11     | XOM: god gift: plate armour {god gift}
 36025 | Elf:1    | Entered Level 1 of the Elven Halls
 36065 | Elf:1    | XOM: confuse monster(s)
 36226 | Elf:1    | XOM: enchant monster (bad)
 36273 | Elf:1    | XOM: summons friendly quasit
 36398 | Elf:1    | Gained mutation: You have claws for hands. [demonic
                  | ancestry]
 36398 | Elf:1    | Reached XP level 18. HP: 111/120 MP: 18/18
 36433 | Elf:1    | Found a flickering gateway to a bazaar.
 36442 | Bazaar   | Entered a bazaar
 36456 | Bazaar   | Found Xecy's Book Emporium.
 36479 | Bazaar   | Found Hior's Antique Armour Shoppe.
 36495 | Bazaar   | Found Ifemyas's Magic Scroll Shoppe.
 36495 | Bazaar   | Found Akloty's Antique Weapon Emporium.
 36499 | Bazaar   | Bought a scroll of enchant armour for 112 gold pieces
 36579 | Bazaar   | XOM: give mutations
 36579 | Bazaar   | Lost mutation: Your spells are a little easier to cast, but
                  | a little less powerful. [Xom's mischief]
 36579 | Bazaar   | Gained mutation: You are clumsy. (Dex -2) [Xom's mischief]
 36579 | Bazaar   | Gained mutation: You passively map a small area around you.
                  | [Xom's mischief]
 36579 | Bazaar   | Gained mutation: Your skin changes colour to match your
                  | surroundings (Stealth+). [Xom's mischief]
 36648 | Elf:1    | Found a frozen archway.
 36666 | IceCv    | Entered an ice cave
 36730 | IceCv    | XOM: summons friendly iron imp
 36978 | IceCv    | XOM: polymorph ice devil -> hellwing
 36981 | IceCv    | XOM: polymorph hellwing -> smoke demon
 37014 | IceCv    | Identified the +4 war axe of Zoseo {speed, rPois rF++ Str-4
                  | Stlth+} (You found it in an ice cave)
 37083 | IceCv    | XOM: god gift: potion of brilliance
 37228 | IceCv    | XOM: cloud trail
 37254 | IceCv    | XOM: smoke on damage
 37468 | Elf:1    | XOM: 2-stop teleportation journey
 37485 | Elf:1    | XOM: fog
 37486 | Elf:1    | XOM: confuse monster(s)
 37524 | Elf:1    | XOM: god gift: wand of acid (10)
 37543 | Elf:1    | XOM: divination: detect creatures
 37823 | Elf:1    | XOM: scenery: summon butterflies
 38060 | Elf:2    | Acquired a manual of Fighting
 38072 | Elf:2    | XOM: fog
 38083 | Elf:2    | XOM: potion effect (haste)
 38115 | Elf:2    | Found Nokeleat's Distillery.
 38129 | Elf:2    | Bought a potion of heal wounds for 75 gold pieces
 38129 | Elf:2    | Bought a potion of heal wounds for 75 gold pieces
 38129 | Elf:2    | Bought a potion of heal wounds for 75 gold pieces
 38129 | Elf:2    | Bought a potion of might for 60 gold pieces
 38655 | Elf:2    | Found a runed translucent gate.
 38655 | Elf:2    | Found a runed translucent gate.
 38655 | Elf:2    | Found a runed translucent gate.
 38667 | Elf:2    | XOM: give mutations
 38667 | Elf:2    | Gained mutation: Your body sometimes deteriorates upon
                  | taking damage. [Xom's mischief]
 38667 | Elf:2    | Gained mutation: You occasionally shout uncontrollably at
                  | your foes. [Xom's mischief]
 38678 | Elf:2    | XOM: chaos upgrade
 38722 | Elf:2    | Reached skill level 1 in Polearms
 38726 | Elf:2    | Noticed Asterion
 38730 | Elf:2    | XOM: polymorph deep elf mage -> swamp dragon
 38755 | Elf:2    | XOM: summons 6 hostile demons
 39075 | Elf:2    | XOM: noise
 39433 | Elf:2    | XOM: 1-stop teleportation journey
 39631 | Elf:2    | XOM: confuse monster(s)
 39640 | Elf:2    | Killed Asterion
 39697 | Elf:2    | XOM: blink monster(s)
 39793 | Elf:2    | XOM: swap monsters
 39800 | Elf:2    | XOM: fake destruction
 39841 | Elf:2    | XOM: chaos upgrade
 40251 | Elf:2    | XOM: summons 4 hostile shadow creatures
 40258 | Elf:2    | XOM: polymorph deep elf mage -> sea snake
 40440 | Elf:3    | Entered Level 3 of the Elven Halls
 40634 | Elf:3    | XOM: 1-stop teleportation journey
 40746 | Elf:3    | XOM: cast spell 'Olgreb's Toxic Radiance'
 40798 | Elf:3    | XOM: swap monsters
 40813 | Elf:3    | Reached skill level 15 in Fighting
 40967 | Elf:3    | XOM: polymorph deep elf annihilator -> dire elephant
 40970 | Elf:3    | XOM: 1-stop teleportation journey
 41003 | Elf:3    | Reached XP level 19. HP: 123/139 MP: 19/19
 41063 | Elf:3    | XOM: summons 1 hostile demon
 41297 | Elf:3    | XOM: summons friendly iron imp
 41330 | Elf:3    | Found a shimmering blue altar of Sif Muna.
 41356 | Elf:3    | XOM: give mutation
 41356 | Elf:3    | Lost mutation: You occasionally shout uncontrollably at
                  | your foes. [Xom's mischief]
 41526 | Elf:3    | Identified the +5 morningstar of Wondrous Power {chaos,
                  | +Inv rC+ Stlth+}
 41527 | Elf:3    | Identified the +9 glaive "Agoink" {drain, rPois Int+3}
 41527 | Elf:3    | Identified the +1 ring mail "Modemp" {Regen+ rCorr Dex+2}
 41574 | Elf:3    | XOM: silly message
 41590 | Elf:3    | XOM: 4-stop teleportation journey
 41747 | Elf:3    | Identified the ring "Yrumm" {rC- rN+ Int+4 SInv Stlth-}
 41775 | Elf:3    | XOM: cast spell 'Metabolic Englaciation'
 41782 | Elf:3    | Found the +0 mask of the Dragon {Will+ Slay+3 SInv}
 41934 | Elf:3    | Found the +9 heavy crossbow "Sniper" {vorpal, Acc+∞ SInv}
 41944 | Elf:3    | Identified the Almanac of the Warped Frostbite
 42189 | Elf:3    | XOM: give mutation
 42189 | Elf:3    | Gained mutation: You are weak. (Str -2) [Xom's mischief]
 42402 | Elf:2    | XOM: noise
 42698 | Snake:4  | Found Nuaruept's Antique Weapon Boutique.
 42811 | Snake:4  | XOM: polymorph naga -> bullfrog
 42936 | Snake:4  | XOM: cleaving
 42977 | Snake:4  | XOM: noise
 43078 | Snake:4  | XOM: confuse monster(s)
 43155 | Snake:4  | XOM: enchant monster (good)
 43269 | Snake:4  | XOM: enchant monster (bad)
 43325 | Snake:4  | XOM: cleaving
 43331 | Snake:4  | XOM: fog
 43339 | Snake:4  | XOM: potion effect (curing)
 43366 | Snake:4  | XOM: summons friendly crimson imp
 43370 | Snake:4  | XOM: destruction
 43389 | Snake:4  | XOM: summons 5 friendly demons
 43402 | Snake:4  | XOM: enchant monster (good)
 43470 | Snake:4  | Got a serpentine rune of Zot
 43955 | Shoals:4 | Identified the +7 long sword "Ogre's Demise" {vorpal, +Fly
                  | Str+4}
 44029 | Shoals:4 | Got a barnacled rune of Zot
 44055 | Shoals:4 | XOM: enchant monster (good)
 44091 | Shoals:4 | XOM: 1-stop teleportation journey
 44093 | Shoals:4 | XOM: noise
 44110 | Shoals:4 | XOM: cast spell 'Summon Dragon'
 44274 | Shoals:4 | XOM: 2-stop teleportation journey
 44492 | Shoals:4 | Found the +2 robe of Vines {NoPotionHeal Regen+7}
 44525 | Shoals:4 | XOM: noise
 44636 | Shoals:4 | XOM: silly message
 44673 | Shoals:4 | XOM: scenery: create altars
 44677 | Shoals:4 | XOM: swap monsters
 44738 | Shoals:4 | XOM: divination: detect creatures
 44858 | Shoals:4 | XOM: 5-stop teleportation journey
 44865 | Shoals:4 | XOM: god gift: 13 sling bullets
 45175 | Vaults:1 | Entered Level 1 of the Vaults
 45176 | Vaults:1 | XOM: scenery: 5 doors open
 45286 | Vaults:1 | XOM: enchant monster (good)
 45396 | Vaults:1 | Found Huinog's Book Boutique.
 45505 | Vaults:1 | XOM: cleaving
 45514 | Vaults:1 | Gained mutation: You resist negative energy. (rN+) [demonic
                  | ancestry]
 45514 | Vaults:1 | Reached XP level 20. HP: 154/154 MP: 20/20
 45569 | Vaults:1 | XOM: 6-stop teleportation journey
 45813 | Vaults:1 | XOM: give mutations
 45813 | Vaults:1 | Gained mutation: Your flesh is heat resistant. (rF+) [Xom's
                  | grace]
 45813 | Vaults:1 | Gained mutation: Your skin blends seamlessly with your
                  | surroundings (Stealth++). [Xom's grace]
 46371 | Vaults:2 | Found Ulesh's General Store.
 46374 | Vaults:2 | Bought a potion of haste for 140 gold pieces
 46374 | Vaults:2 | Bought a scroll of enchant weapon for 105 gold pieces
 46541 | Vaults:2 | XOM: divination: detect creatures
 46782 | Vaults:2 | Lost mutation: You are frail. (-10% HP) [potion of
                  | mutation]
 46782 | Vaults:2 | Lost mutation: You possess an exceptional clarity of mind.
                  | [potion of mutation]
 46782 | Vaults:2 | Lost mutation: Your flesh is heat resistant. (rF+) [potion
                  | of mutation]
 46782 | Vaults:2 | Gained mutation: Your mind is acute. (Int +2) [potion of
                  | mutation]
 46782 | Vaults:2 | Lost mutation: You are weak. (Str -2) [potion of mutation]
 46857 | Vaults:2 | XOM: give mutation
 46857 | Vaults:2 | Lost mutation: You are clumsy. (Dex -2) [Xom's mischief]
 46898 | Vaults:2 | Cast into level 3 of the Abyss (vault warden)
 46903 | Abyss:3  | XOM: swap monsters
 46934 | Abyss:3  | XOM: stat loss: -1 Dex (14/15)
 46935 | Abyss:3  | XOM: draining
 46946 | Abyss:3  | XOM: enchant monster (bad)
 46953 | Abyss:3  | XOM: chaos cloud
 47023 | Abyss:3  | XOM: polymorph swamp dragon -> glowing shapeshifter
 47086 | Abyss:3  | XOM: silly message
 47126 | Abyss:3  | XOM: stat loss: -1 Dex (10/11)
 47192 | Abyss:3  | XOM: give mutations
 47192 | Abyss:3  | Lost mutation: You can translocate small distances at will.
                  | [Xom's mischief]
 47192 | Abyss:3  | Lost mutation: Your body sometimes deteriorates upon taking
                  | damage. [Xom's mischief]
 47192 | Abyss:3  | Lost mutation: You are covered in fur. (AC +1) [Xom's
                  | mischief]
 47192 | Abyss:3  | Lost mutation: You expend magic power (3 MP) to strengthen
                  | your wands. [Xom's mischief]
 47488 | Vaults:2 | Escaped the Abyss
 47491 | Vaults:2 | XOM: polymorph vault sentinel -> meliai
 47511 | Vaults:2 | XOM: polymorph large slime creature -> sea snake
 47921 | Vaults:2 | XOM: swap monsters
 47922 | Vaults:2 | Reached skill level 14 in Armour
 48136 | Vaults:3 | XOM: swap monsters
 48200 | Vaults:3 | XOM: summons friendly quasit
 48215 | Vaults:3 | XOM: enchant monster (good)
 48263 | Vaults:3 | XOM: chaos upgrade
 48332 | Vaults:3 | XOM: confusion (+ monsters)
 48437 | Vaults:3 | Reached skill level 15 in Armour
 48551 | Vaults:3 | XOM: silly message
 48552 | Vaults:3 | XOM: potion effect (might)
 48557 | Vaults:3 | XOM: enchant monster (bad)
 48559 | Vaults:3 | XOM: enchant monster (good)
 48561 | Vaults:3 | XOM: give mutations
 48561 | Vaults:3 | Gained mutation: You are weak. (Str -2) [Xom's mischief]
 48561 | Vaults:3 | Gained mutation: Armour fits poorly on your strangely
                  | shaped body. [Xom's mischief]
 48561 | Vaults:3 | Gained mutation: Your body sometimes deteriorates upon
                  | taking damage. [Xom's mischief]
 48561 | Vaults:3 | Gained mutation: You evolve. [Xom's mischief]
 48621 | Vaults:3 | Reached XP level 21. HP: 183/183 MP: 21/21
 48704 | Vaults:3 | Found a staircase to the Crypt.
 48823 | Vaults:3 | XOM: divine lightning
 49067 | Vaults:3 | XOM: polymorph fire dragon -> shapeshifter
 49158 | Vaults:3 | Found the +6 arbalest "Damnation" {damnation}
 49291 | Crypt:1  | Entered Level 1 of the Crypt
 49302 | Vaults:3 | Lost mutation: Armour fits poorly on your strangely shaped
                  | body. [evolution]
 49380 | Vaults:4 | Reached skill level 16 in Armour
 49398 | Vaults:4 | XOM: cleaving
 49543 | Vaults:4 | XOM: summons friendly ufetubus
 49552 | Vaults:4 | XOM: polymorph necromancer -> moth of wrath
 49623 | Vaults:4 | XOM: god gift: glowing great mace {god gift}
 50118 | Vaults:4 | Found a gateway to a bazaar.
 50188 | Vaults:4 | Identified the +6 hand crossbow of Eqed {penet, rPois} (You
                  | found it on level 4 of the Vaults)
 50227 | Vaults:4 | XOM: summons 8 friendly demons
 50694 | Vaults:4 | Reached skill level 17 in Armour
 50936 | Vaults:5 | Entered Level 5 of the Vaults
 50936 | Vaults:5 | XOM: cast spell 'Cause Fear'
 51186 | Depths:1 | Entered Level 1 of the Depths
 51198 | Depths:1 | Identified the +1 leather armour of the Echidna {Slay+2}
                  | (You found it on level 1 of the Depths)
 51230 | Depths:1 | Noticed Aizul
 51251 | Depths:1 | Killed Aizul
 51397 | Depths:1 | Found a gateway to a ziggurat.
 51472 | Depths:1 | Identified the ring "Wejen" {+Fly rF+ SInv} (You found it
                  | on level 1 of the Depths)
 51522 | Depths:1 | Found Xuecsuff's Distillery.
 51522 | Depths:1 | Found a one-way gate leading to the halls of Pandemonium.
 51524 | Depths:1 | XOM: enchant monster (good)
 51532 | Depths:1 | XOM: fake destruction
 51557 | Depths:1 | XOM: cloud trail
 51576 | Depths:1 | Bought a potion of heal wounds for 75 gold pieces
 51576 | Depths:1 | Bought 2 potions of haste for 300 gold pieces
 51576 | Depths:1 | Bought a potion of mutation for 120 gold pieces
 51576 | Depths:1 | Bought a potion of mutation for 120 gold pieces
 51582 | Depths:1 | Lost mutation: Your skin blends seamlessly with your
                  | surroundings (Stealth++). [potion of mutation]
 51582 | Depths:1 | Lost mutation: Your body sometimes deteriorates upon taking
                  | damage. [potion of mutation]
 51582 | Depths:1 | Lost mutation: Your mind is acute. (Int +2) [potion of
                  | mutation]
 51582 | Depths:1 | Lost mutation: You passively map a small area around you.
                  | [potion of mutation]
 51582 | Depths:1 | Gained mutation: You are frail. (-10% HP) [potion of
                  | mutation]
 51582 | Depths:1 | Gained mutation: You are strong-willed. (Will+) [potion of
                  | mutation]
 51583 | Depths:1 | Lost mutation: You are weak. (Str -2) [potion of mutation]
 51583 | Depths:1 | Lost mutation: You have sharp toenails. [potion of
                  | mutation]
 51583 | Depths:1 | Lost mutation: You are strong-willed. (Will+) [potion of
                  | mutation]
 51583 | Depths:1 | Gained mutation: You rapidly evolve. [potion of mutation]
 51644 | Depths:1 | You fall into a shaft and drop 1 floor!
 51655 | Depths:2 | XOM: divine lightning
 51661 | Depths:2 | Found a gateway to Hell.
 51790 | Depths:2 | XOM: polymorph two-headed ogre -> komodo dragon
 52022 | Depths:1 | Found a broken altar of Ashenzari.
 52063 | Depths:1 | XOM: 1-stop teleportation journey
 52198 | Depths:1 | XOM: 5-stop teleportation journey
 52247 | Depths:1 | XOM: scenery: 2 doors close
 52253 | Depths:1 | Reached skill level 15 in Shields
 52260 | Depths:1 | XOM: god gift: encrusted hand axe {god gift}
 52261 | Depths:1 | Identified the +3 hand axe of Bofalon {chaos, rC+} (Xom
                  | gifted it to you on level 1 of the Depths)
 52307 | Depths:1 | XOM: give mutations
 52307 | Depths:1 | Gained mutation: You have an increased reservoir of magic.
                  | (+10% MP) [Xom's grace]
 52307 | Depths:1 | Gained mutation: Your natural rate of healing is unusually
                  | fast. [Xom's grace]
 52307 | Depths:1 | Gained mutation: You possess an exceptional clarity of
                  | mind. [Xom's grace]
 52307 | Depths:1 | Gained mutation: Your muscles are strong. (Str +2) [Xom's
                  | grace]
 52405 | Depths:1 | XOM: god gift: faintly glowing chain mail {god gift}
 52406 | Depths:1 | Identified the +0 chain mail of Gallantry {*Slow +Fly rPois
                  | Regen+} (Xom gifted it to you on level 1 of the Depths)
 52423 | Depths:1 | XOM: summons friendly crimson imp
 52452 | Depths:1 | XOM: swap monsters
 52492 | Depths:1 | XOM: polymorph crimson imp -> neqoxec
 52548 | Depths:1 | XOM: summons 6 hostile demons
 52897 | Depths:2 | Found a runed translucent gate.
 52898 | Depths:2 | Found a runed translucent gate.
 52898 | Depths:2 | Found a runed translucent gate.
 52929 | Depths:2 | Noticed Cophel's ghost (adept TrMo)
 53198 | Depths:3 | Found a one-way gate to the infinite horrors of the Abyss.
 53218 | Depths:3 | XOM: cleaving
 53233 | Depths:3 | You fall into a shaft and drop 2 floors!
 53233 | Depths:5 | Entered Level 5 of the Depths
 53240 | Depths:5 | XOM: divination: detect items
 53247 | Depths:5 | XOM: polymorph white draconian -> tyrant leech
 53252 | Depths:5 | Gained mutation: You frequently emit foul miasma when
                  | damaged in melee. [demonic ancestry]
 53252 | Depths:5 | Reached XP level 22. HP: 139/171 MP: 24/24
 53285 | Depths:5 | XOM: confuse monster(s)
 53307 | Depths:5 | XOM: potion effect (haste)
 53353 | Depths:5 | XOM: divination: magic mapping
 53366 | Depths:5 | XOM: 7-stop teleportation journey
 53409 | Depths:5 | XOM: cast spell 'Shadow Creatures'
 53415 | Depths:5 | XOM: enchant monster (good)
 53421 | Depths:5 | XOM: cast spell 'Shadow Creatures'
 53430 | Depths:5 | XOM: noise
 53570 | Depths:5 | XOM: confuse monster(s)
 53692 | Depths:5 | XOM: cast spell 'Alistair's Intoxication'
 53712 | Depths:5 | XOM: potion effect (heal wounds)
 53820 | Depths:5 | Found a gate to the Realm of Zot.
 53870 | Depths:5 | XOM: noise
 53876 | Depths:5 | XOM: potion effect (heal wounds)
 54251 | Depths:4 | XOM: silly message
 54301 | Depths:4 | XOM: silly message
 54347 | Depths:4 | Noticed a juggernaut
 54360 | Depths:4 | XOM: confuse monster(s)
 54360 | Depths:4 | Noticed Sojobo
 54367 | Depths:4 | a juggernaut changed into a titan
 54367 | Depths:4 | XOM: polymorph juggernaut -> titan
 54372 | Depths:4 | XOM: chaos upgrade
 54380 | Depths:4 | Killed Sojobo
 54396 | Depths:4 | Identified the +1 robe "Xaotiasu" {Rampage +Blink Str+4}
 54478 | Depths:4 | XOM: torment (66/171 hp)
 54622 | Depths:4 | XOM: swap monsters
 54625 | Depths:4 | XOM: give mutation
 54625 | Depths:4 | Lost mutation: You are frail. (-10% HP) [Xom's mischief]
 54696 | Depths:4 | XOM: summons 2 friendly demons
 54705 | Depths:4 | XOM: god gift: phial of floods (inert)
 54737 | Depths:4 | XOM: cleaving
 54834 | Depths:4 | Gained mutation: You are somewhat able to resist unholy
                  | torments (1 in 2 success). [demonic ancestry]
 54834 | Depths:4 | Reached XP level 23. HP: 90/196 MP: 25/25
 55216 | Depths:3 | XOM: cloud trail
 55278 | Depths:3 | XOM: scenery: summon butterflies
 55303 | Depths:3 | XOM: divine lightning
 55310 | Depths:3 | XOM: confuse monster(s)
 55364 | Depths:3 | Identified the +1 robe of the Slorg {Harm rElec rPois rN++
                  | Dex-2}
 55399 | Depths:3 | XOM: noise
 55608 | Depths:3 | XOM: silly message
 55640 | Depths:3 | Gained mutation: You are strong-willed. (Will+) [evolution]
 55648 | Depths:3 | XOM: summons 2 friendly demons
 55652 | Depths:3 | XOM: cast spell 'Cause Fear'
 55655 | Depths:3 | XOM: noise
 55680 | Depths:3 | XOM: cast spell 'Leda's Liquefaction'
 55824 | Depths:3 | XOM: cast spell 'Summon Small Mammal'
 55838 | Depths:3 | XOM: cast spell 'Cause Fear'
 55868 | Depths:3 | XOM: divination: magic mapping
 55872 | Depths:3 | XOM: cast spell 'Olgreb's Toxic Radiance'
 55955 | Depths:3 | XOM: silly message
 57006 | Shoals:3 | Bought a glowing tower shield for 217 gold pieces
 57006 | Shoals:3 | Bought a glowing cloak for 217 gold pieces
 57057 | Shoals:3 | Bought the +2 cloak of the Thief {*Fog Slay-2 SInv Stlth+}
                  | for 623 gold pieces
 57057 | Shoals:3 | Found the +2 cloak of the Thief {*Fog Slay-2 SInv Stlth+}
 57313 | Lair:6   | XOM: silly message
 57339 | Slime:1  | Entered Level 1 of the Pits of Slime
 57354 | Slime:1  | XOM: silly message
 57361 | Lair:6   | XOM: potion effect (invisibility)
 57578 | Slime:1  | XOM: enchant monster (bad)
 57675 | Slime:2  | XOM: summons 3 friendly demons
 57751 | Slime:3  | XOM: polymorph eye of draining -> sky beast
 57839 | Slime:4  | Gained mutation: You are frail. (-10% HP) [a shining eye]
 57841 | Slime:4  | Gained mutation: Your body sometimes deteriorates upon
                  | taking damage. [a shining eye]
 57844 | Slime:4  | XOM: enchant monster (good)
 57856 | Slime:4  | Gained mutation: Your body often deteriorates upon taking
                  | damage. [a shining eye]
 57885 | Slime:4  | Lost mutation: You have an increased reservoir of magic.
                  | (+10% MP) [a shining eye]
 57979 | Slime:4  | XOM: confuse monster(s)
 58053 | Slime:5  | Entered Level 5 of the Pits of Slime
 58060 | Slime:5  | Lost mutation: You possess an exceptional clarity of mind.
                  | [a shining eye]
 58062 | Slime:5  | Gained mutation: Your spells are a little easier to cast,
                  | but a little less powerful. [a shining eye]
 58065 | Slime:5  | Gained mutation: You occasionally shout uncontrollably at
                  | your foes. [a shining eye]
 58067 | Slime:5  | Gained mutation: Your spells are easier to cast, but less
                  | powerful. [a shining eye]
 58088 | Slime:5  | XOM: cast spell 'Leda's Liquefaction'
 58095 | Slime:5  | XOM: smoke on damage
 58280 | Slime:5  | XOM: enchant monster (bad)
 58285 | Slime:5  | XOM: summons 2 friendly demons
 58291 | Slime:5  | XOM: divination: magic mapping
 58302 | Slime:4  | Gained mutation: You expend magic power (3 MP) to
                  | strengthen your wands. [evolution]
 58527 | Slime:5  | Gained mutation: Your melee attacks may debilitate your
                  | foes. [demonic ancestry]
 58527 | Slime:5  | Reached XP level 24. HP: 176/183 MP: 23/23
 58530 | Slime:5  | XOM: potion effect (brilliance)
 58534 | Slime:5  | XOM: swap monsters
 58545 | Slime:5  | XOM: 2-stop teleportation journey
 58558 | Slime:5  | XOM: potion effect (brilliance)
 58579 | Slime:5  | XOM: noise
 58616 | Slime:4  | XOM: give mutations
 58616 | Slime:4  | Lost mutation: You are frail. (-10% HP) [Xom's mischief]
 58616 | Slime:4  | Gained mutation: You tend to lose your temper in combat.
                  | [Xom's mischief]
 58616 | Slime:4  | Lost mutation: You are strong-willed. (Will+) [Xom's
                  | mischief]
 58719 | Slime:5  | XOM: polymorph slime creature -> spark wasp
 58914 | Slime:5  | XOM: fog
 59004 | Slime:5  | Noticed the Royal Jelly
 59011 | Slime:5  | XOM: blink monster(s)
 59027 | Slime:5  | XOM: stat loss: -1 Str (24/25)
 59028 | Slime:5  | Killed the Royal Jelly
 59029 | Slime:5  | Reached skill level 15 in Evocations
 59035 | Slime:5  | XOM: confusion (+ monsters)
 59167 | Slime:5  | Identified Sif Muna's Almanac of the Lethal Arsonist
 59260 | Slime:5  | Identified the +0 scythe of Agam {venom, rPois rF+ SInv}
                  | (You found it on level 5 of the Pits of Slime)
 59279 | Slime:5  | Identified the cursed +0 robe of the Dolphin {+Blink} (You
                  | found it on level 5 of the Pits of Slime)
 59289 | Slime:5  | Got a slimy rune of Zot
 59310 | Slime:5  | Identified the +7 hand axe of the Other Side {drain, Int+2}
                  | (You found it on level 5 of the Pits of Slime)
 59314 | Slime:5  | Identified the +3 plate armour of Calculation {rC+ Stlth+}
                  | (You found it on level 5 of the Pits of Slime)
 59327 | Slime:5  | Identified the +0 chain mail of Eternal Night {Int+4
                  | Slay+2} (You found it on level 5 of the Pits of Slime)
 59344 | Slime:5  | Identified the +1 robe of Pride {rElec} (You found it on
                  | level 5 of the Pits of Slime)
 59386 | Slime:3  | XOM: torment (204/204 hp)
 59679 | D:15     | XOM: give mutations
 59679 | D:15     | Gained mutation: You are strong-willed. (Will+) [Xom's
                  | grace]
 59679 | D:15     | Gained mutation: You passively map a small area around you.
                  | [Xom's grace]
 59788 | Depths:4 | XOM: divination: detect items
 59902 | Depths:2 | Killed Cophel's ghost
 59922 | Depths:2 | Lost mutation: You are strong-willed. (Will+) [potion of
                  | mutation]
 59922 | Depths:2 | Lost mutation: You rapidly evolve. [potion of mutation]
 59922 | Depths:2 | Gained mutation: Your skin blends seamlessly with your
                  | surroundings (Stealth++). [potion of mutation]
 60042 | Depths:4 | XOM: give mutations
 60042 | Depths:4 | Lost mutation: You expend magic power (3 MP) to strengthen
                  | your wands. [Xom's mischief]
 60042 | Depths:4 | Lost mutation: You passively map a small area around you.
                  | [Xom's mischief]
 60042 | Depths:4 | Lost mutation: Your body often deteriorates upon taking
                  | damage. [Xom's mischief]
 60056 | Depths:4 | Lost mutation: You evolve. [potion of mutation]
 60056 | Depths:4 | Lost mutation: You tend to lose your temper in combat.
                  | [potion of mutation]
 60056 | Depths:4 | Lost mutation: You occasionally shout uncontrollably at
                  | your foes. [potion of mutation]
 60056 | Depths:4 | Lost mutation: Your spells are easier to cast, but less
                  | powerful. [potion of mutation]
 60056 | Depths:4 | Lost mutation: Your body sometimes deteriorates upon taking
                  | damage. [potion of mutation]
 60056 | Depths:4 | Lost mutation: Your skin blends seamlessly with your
                  | surroundings (Stealth++). [potion of mutation]
 60056 | Depths:4 | Gained mutation: Your system is resistant to poisons.
                  | (rPois) [potion of mutation]
 60114 | Depths:4 | XOM: 4-stop teleportation journey
 60156 | Depths:4 | Voluntarily entered the Abyss.
 60200 | Abyss:1  | XOM: confuse monster(s)
 60347 | Abyss:1  | XOM: polymorph white draconian -> mana viper
 60674 | Abyss:1  | XOM: summons 3 hostile shadow creatures
 60832 | Abyss:1  | XOM: stat loss: -1 Dex (15/16)
 60927 | Abyss:1  | Found a corrupted altar of Lugonu.
 61030 | Abyss:1  | XOM: enchant monster (bad)
 61166 | Abyss:1  | XOM: god gift: 19 gold pieces
 61167 | Abyss:1  | XOM: give mutations
 61167 | Abyss:1  | Lost mutation: Your spells are a little easier to cast, but
                  | a little less powerful. [Xom's grace]
 61167 | Abyss:1  | Gained mutation: You are strong-willed. (Will+) [Xom's
                  | grace]
 61210 | Abyss:1  | XOM: noise
 61221 | Abyss:1  | XOM: scenery: summon butterflies
 61228 | Abyss:1  | XOM: give mutation
 61228 | Abyss:1  | Lost mutation: Your system is resistant to poisons. (rPois)
                  | [Xom's mischief]
 61292 | Abyss:1  | Paralysed by accursed screaming for 1 turns
 61380 | Abyss:1  | XOM: cast spell 'Disjunction'
 61499 | Abyss:1  | XOM: polymorph neqoxec -> ynoxinul
 61587 | Abyss:2  | Found a corrupted altar of Lugonu.
 61613 | Abyss:2  | Found a corrupted altar of Lugonu.
 61671 | Abyss:2  | XOM: cast spell 'Leda's Liquefaction'
 61737 | Abyss:2  | XOM: give mutations
 61737 | Abyss:2  | Gained mutation: You passively map a small area around you.
                  | [Xom's mischief]
 61737 | Abyss:2  | Gained mutation: You are frail. (-10% HP) [Xom's mischief]
 61737 | Abyss:2  | Gained mutation: You are clumsy. (Dex -2) [Xom's mischief]
 62019 | Abyss:2  | XOM: blink monster(s)
 62066 | Abyss:2  | XOM: summons 1 hostile shadow creature
 62294 | Abyss:2  | XOM: polymorph rakshasa -> demonic crawler
 62302 | Abyss:2  | XOM: summons 1 hostile demon
 62363 | Abyss:2  | XOM: polymorph daeva -> pearl dragon
 62384 | Abyss:2  | XOM: smoke on damage
 62387 | Abyss:2  | Found a corrupted altar of Lugonu.
 62502 | Abyss:2  | XOM: polymorph smoke demon -> hellwing
 62545 | Abyss:2  | XOM: summons 6 friendly demons
 62583 | Abyss:2  | XOM: confuse monster(s)
 62711 | Abyss:2  | XOM: chaos cloud
 62717 | Abyss:2  | Paralysed by you for 2 turns
 62942 | Abyss:3  | Reached XP level 25. HP: 189/189 MP: 23/23
 63010 | Abyss:4  | XOM: noise
 63020 | Abyss:4  | Found a glowing golden altar of the Shining One.
 63024 | Abyss:4  | Noticed a juggernaut
 63033 | Abyss:4  | Killed a juggernaut
 63103 | Abyss:4  | XOM: cleaving
 63120 | Abyss:4  | XOM: cleaving
 63173 | Abyss:4  | XOM: chaos cloud
 63187 | Abyss:4  | XOM: cast spell 'Monstrous Menagerie'
 63245 | Abyss:4  | Found a glowing golden altar of the Shining One.
 63255 | Abyss:4  | Gained mutation: Potions are less effective at restoring
                  | your health. [a neqoxec]
 63268 | Abyss:4  | XOM: confuse monster(s)
 63269 | Abyss:4  | Got an abyssal rune of Zot
 63273 | Abyss:4  | Found a glowing golden altar of the Shining One.
 63273 | Abyss:4  | XOM: swap monsters
 63284 | Abyss:4  | XOM: noise
 63294 | Abyss:4  | XOM: chaos upgrade
 63297 | Abyss:4  | Reached skill level 18 in Armour
 63320 | Abyss:4  | XOM: swap monsters
 63335 | Depths:4 | Escaped the Abyss
 63544 | D:15     | XOM: stat loss: -1 Dex (11/12)
 63603 | Vaults:1 | XOM: noise
 63738 | Crypt:1  | XOM: 1-stop teleportation journey
 63748 | Crypt:1  | XOM: confusion
 63800 | Crypt:1  | Identified the +7 plate armour "Gyqegash" {rF+ Dex+3} (You
                  | found it on level 1 of the Crypt)
 63833 | Crypt:1  | XOM: give mutations
 63833 | Crypt:1  | Lost mutation: You are frail. (-10% HP) [Xom's mischief]
 63833 | Crypt:1  | Lost mutation: Your muscles are strong. (Str +2) [Xom's
                  | mischief]
 63833 | Crypt:1  | Lost mutation: You are clumsy. (Dex -2) [Xom's mischief]
 63833 | Crypt:1  | Gained mutation: You are robust. (+10% HP) [Xom's mischief]
 63863 | Crypt:1  | XOM: enchant monster (bad)
 63891 | Crypt:1  | XOM: summons 2 friendly demons
 63935 | Crypt:1  | You fall into a shaft and drop 1 floor!
 63964 | Crypt:2  | XOM: potion effect (brilliance)
 63978 | Crypt:2  | XOM: confuse monster(s)
 63986 | Crypt:2  | XOM: scenery: summon butterflies
 64145 | Crypt:2  | Noticed Frederick
 64162 | Crypt:2  | Killed Frederick
 64298 | Crypt:2  | XOM: 1-stop teleportation journey
 64434 | Crypt:3  | Entered Level 3 of the Crypt
 64550 | Crypt:3  | XOM: 7-stop teleportation journey
 64560 | Crypt:3  | XOM: summons friendly ufetubus
 64848 | Crypt:3  | XOM: cast spell 'Cause Fear'
 64963 | Crypt:3  | Found a staircase to the Tomb.
 64976 | Crypt:3  | XOM: summons friendly shadow imp
 65227 | Crypt:3  | XOM: summons 13 friendly demons
 65276 | Crypt:3  | XOM: enchant monster (bad)
 65304 | Crypt:3  | XOM: summons friendly quasit
 65305 | Crypt:3  | XOM: summons friendly white imp
 65308 | Crypt:3  | XOM: butterfly on damage
 66150 | Vaults:1 | XOM: god gift: scroll of amnesia
 66266 | Crypt:3  | Noticed an ancient lich
 66284 | Crypt:3  | XOM: confusion (+ monsters)
 66297 | Crypt:3  | Killed an ancient lich
 66371 | Crypt:3  | XOM: silly message
 66416 | Crypt:3  | XOM: confusion
 66433 | Crypt:3  | Found a basalt altar of Yredelemnul.
 66441 | Crypt:3  | Found an ancient bone altar of Kikubaaqudgha.
 66510 | Crypt:3  | XOM: give mutations
 66510 | Crypt:3  | Gained mutation: You are clumsy. (Dex -2) [Xom's mischief]
 66510 | Crypt:3  | Lost mutation: You are robust. (+10% HP) [Xom's mischief]
 66588 | Crypt:3  | XOM: fog
 66691 | Tomb:1   | Entered Level 1 of the Tomb of the Ancients
 66691 | Tomb:1   | Noticed a royal mummy
 66691 | Tomb:1   | Noticed a royal mummy
 66720 | Crypt:3  | XOM: god gift: 3 silver javelins
 66862 | Bazaar   | Entered a bazaar
 66862 | Bazaar   | Found Cumy's Book Shoppe.
 66862 | Bazaar   | Found Xahuqet's Armour Emporium.
 66863 | Bazaar   | Found Taiwiq's Magic Scroll Shoppe.
 66863 | Bazaar   | Found Nosul's Assorted Antiques.
 66874 | Bazaar   | Bought a potion of heal wounds for 175 gold pieces
 66874 | Bazaar   | Bought a scroll of fear for 122 gold pieces
 66888 | Bazaar   | Bought a scroll of enchant armour for 67 gold pieces
 66888 | Bazaar   | Bought a scroll of brand weapon for 180 gold pieces
 66888 | Bazaar   | Bought a scroll of acquirement for 468 gold pieces
 66888 | Bazaar   | Bought a scroll of enchant armour for 67 gold pieces
 66888 | Bazaar   | Bought a scroll of teleportation for 27 gold pieces
 66888 | Bazaar   | Bought a scroll of teleportation for 27 gold pieces
 66888 | Bazaar   | Bought a scroll of fog for 18 gold pieces
 66888 | Bazaar   | Bought 2 scrolls of immolation for 63 gold pieces
 66888 | Bazaar   | Acquired 747 gold pieces
 66895 | Bazaar   | Bought a scroll of teleportation for 27 gold pieces
 66958 | Vaults:5 | Noticed an ancient lich
 66967 | Vaults:5 | XOM: confusion (+ monsters)
 66969 | Vaults:5 | XOM: blink monster(s)
 66976 | Vaults:5 | XOM: noise
 66990 | Vaults:5 | Killed an ancient lich
 66998 | Vaults:5 | Reached XP level 26. HP: 156/218 MP: 23/23
 67026 | Vaults:5 | XOM: cast spell 'Summon Ice Beast'
 67046 | Vaults:5 | XOM: divination: detect creatures
 67052 | Vaults:5 | Found the +3 giant club "Skullcrusher" {speed, Str+7}
 67060 | Vaults:5 | XOM: summons friendly white imp
 67062 | Vaults:5 | Reached skill level 19 in Armour
 67076 | Vaults:5 | XOM: enchant monster (bad)
 67171 | Vaults:5 | XOM: summons friendly quasit
 67190 | Vaults:5 | XOM: polymorph tentacled monstrosity -> Tzitzimitl
 67223 | Vaults:5 | XOM: noise
 67237 | Vaults:5 | XOM: polymorph spark wasp -> glowing shapeshifter
 67293 | Vaults:5 | XOM: cast spell 'Metabolic Englaciation'
 67301 | Vaults:5 | XOM: cast spell 'Summon Hydra'
 67347 | Vaults:5 | XOM: potion effect (might)
 67352 | Vaults:5 | XOM: 2-stop teleportation journey
 67379 | Vaults:5 | XOM: polymorph deep elf archer -> glowing shapeshifter
 67406 | Vaults:5 | XOM: enchant monster (bad)
 67461 | Vaults:5 | Reached skill level 20 in Armour
 67505 | Vaults:5 | XOM: enchant monster (bad)
 67533 | Vaults:5 | XOM: divination: magic mapping
 67692 | Vaults:5 | XOM: divination: magic mapping
 67706 | Vaults:5 | Got a silver rune of Zot
 67776 | Vaults:5 | XOM: enchant monster (good)
 67843 | Vaults:5 | XOM: summons friendly crimson imp
 67855 | Vaults:5 | XOM: enchant monster (good)
 67890 | Vaults:5 | XOM: summons 8 friendly demons
 67922 | Vaults:5 | XOM: scenery: 1 doors close
 67988 | Vaults:5 | Identified the +2 mace "Jityfozi" {flame, rPois Dex+4}
 68036 | Vaults:5 | XOM: scenery: 1 doors close
 68065 | Vaults:5 | Found the amulet of the Air {Inacc +Fly rElec EV+5 RMsl}
 68242 | Vaults:5 | Reached skill level 21 in Armour
 68255 | Vaults:5 | Identified the +0 chain mail of Zycyx {Str+6} (You found it
                  | on level 5 of the Vaults)
 68351 | Vaults:5 | XOM: cleaving
 68365 | Vaults:5 | XOM: give mutations
 68365 | Vaults:5 | Gained mutation: You have large cloven feet. [Xom's
                  | mischief]
 68365 | Vaults:5 | Lost mutation: You have large cloven feet. [Xom's mischief]
 68365 | Vaults:5 | Lost mutation: You are clumsy. (Dex -2) [Xom's mischief]
 68379 | Vaults:5 | XOM: cast spell 'Statue Form'
 68424 | Vaults:5 | XOM: scenery: summon butterflies
 69143 | Depths:2 | XOM: cloud trail
 69312 | Zot:1    | Entered Level 1 of the Realm of Zot
 69319 | Zot:1    | XOM: cleaving
 69346 | Zot:1    | XOM: enchant monster (good)
 69348 | Zot:1    | XOM: summons 12 friendly demons
 69394 | Zot:1    | XOM: 8-stop teleportation journey
 69404 | Zot:1    | XOM: divination: magic mapping
 69406 | Zot:1    | XOM: enchant monster (good)
 69414 | Zot:1    | XOM: noise
 69444 | Zot:1    | Reached XP level 27. HP: 64/224 MP: 23/23
 69494 | Zot:1    | XOM: cast spell 'Leda's Liquefaction'
 69535 | Zot:1    | Reached skill level 22 in Armour
 69649 | Zot:1    | XOM: enchant monster (bad)
 69690 | Zot:1    | XOM: divination: magic mapping
 69770 | Zot:1    | XOM: potion effect (heal wounds)
 69785 | Zot:1    | XOM: cast spell 'Call Canine Familiar'
 69875 | Zot:1    | XOM: potion effect (berserk rage)
 69927 | Zot:1    | XOM: cast spell 'Olgreb's Toxic Radiance'
 70024 | Zot:1    | XOM: silly message
 70069 | Zot:1    | XOM: potion effect (haste)
 70070 | Zot:1    | XOM: potion effect (haste)
 70122 | Zot:1    | XOM: potion effect (berserk rage)
 70125 | Zot:1    | Reached skill level 23 in Armour
 70298 | Zot:2    | XOM: silly message
 70340 | Zot:2    | XOM: silly message
 70566 | Zot:2    | XOM: silly message
 70858 | Zot:2    | XOM: potion effect (invisibility)
 71001 | Zot:2    | XOM: noise
 71169 | Zot:3    | XOM: confuse monster(s)
 71284 | Zot:3    | XOM: noise
 71443 | Zot:3    | XOM: 1-stop teleportation journey
 71461 | Zot:3    | You fall into a shaft and drop 1 floor!
 71465 | Zot:4    | XOM: polymorph green draconian shifter -> fenstrider witch
 71491 | Zot:4    | XOM: summons friendly shadow imp
 71759 | Zot:3    | XOM: give mutations
 71759 | Zot:3    | Gained mutation: You have a beak for a mouth. [Xom's grace]
 71759 | Zot:3    | Gained mutation: Your spells are a little harder to cast,
                  | but a little more powerful. [Xom's grace]
 71759 | Zot:3    | Gained mutation: You are highly strong-willed. (Will++)
                  | [Xom's grace]
 71759 | Zot:3    | Gained mutation: You have an increased reservoir of magic.
                  | (+10% MP) [Xom's grace]
 72009 | Zot:3    | XOM: silly message
 72026 | Zot:3    | XOM: god gift: smoking trident {god gift}
 72027 | Zot:3    | Identified the +1 trident "Paevaas" {vorpal, rElec MP+9}
                  | (Xom gifted it to you on level 3 of the Realm of Zot)
 72043 | Zot:3    | XOM: divine lightning
 72051 | Zot:3    | XOM: potion effect (haste)
 72056 | Zot:3    | XOM: silly message
 72120 | Zot:3    | XOM: silly message
 72444 | Zot:3    | XOM: divination: detect creatures
 72514 | Zot:3    | XOM: divination: detect items
 72714 | Zot:3    | XOM: divination: detect creatures
 72886 | Zot:4    | XOM: 1-stop teleportation journey
 72893 | Zot:4    | XOM: noise
 72894 | Zot:4    | XOM: noise
 72897 | Zot:4    | XOM: confuse monster(s)
 72959 | Zot:4    | XOM: silly message
 73101 | Zot:4    | Acquired a manual of Evocations
 73122 | Zot:4    | XOM: fog
 73274 | Zot:4    | XOM: scenery: create altars
 73282 | Zot:4    | XOM: scenery: create altars
 73347 | Zot:4    | XOM: give mutation
 73347 | Zot:4    | Gained mutation: You have large cloven feet. [Xom's grace]
 73614 | Zot:4    | XOM: give mutation
 73614 | Zot:4    | Gained mutation: You are covered in fur. (AC +1) [Xom's
                  | grace]
 73757 | Zot:5    | Entered Level 5 of the Realm of Zot
 73808 | Zot:5    | XOM: 3-stop teleportation journey
 73932 | Zot:5    | XOM: 5-stop teleportation journey
 73933 | Zot:5    | Noticed an orb of fire
 73933 | Zot:5    | Noticed an orb of fire
 73933 | Zot:5    | Noticed an ancient lich
 73934 | Zot:5    | XOM: summons 4 friendly demons
 73938 | Zot:5    | XOM: confuse monster(s)
 73941 | Zot:5    | Lost mutation: Your spells are a little harder to cast, but
                  | a little more powerful. [an orb of fire]
 73948 | Zot:5    | Noticed an ancient lich
 73952 | Zot:5    | Noticed an orb of fire
 73957 | Zot:5    | Noticed an ancient lich
 73967 | Zot:5    | Noticed an ancient lich
 73969 | Zot:5    | HP: 8/233 [tentacled monstrosity (6)]
 73969 | Zot:5    | Slain by an Orb Guardian

Illustrated notes

Levels and vault maps discovered:
D:1:      lightli_molten_gateway, layout_basic, serial_forest,
          infiniplex_forest_lined_room_, infiniplex_forest_end_double,
          infiniplex_forest_straight_5, infiniplex_forest_clump_long,
          infiniplex_forest_straight_3, infiniplex_forest_clump_small,
          infiniplex_forest_lined_2, infiniplex_forest_lined_3,
          minmay_misc_feat_enclosed, minmay_vboxes
D:2:      layout_loops_ring
D:3:      layout_basic, chequers_ecumenical_altar_simple_redux, serial_curves,
          eino_curves_04, eino_curves_04, minmay_quantized
D:4:      layout_loops_ring, kennysheep_mini, serial_undead, serial_undead_d,
          serial_undead_b, serial_undead_e, serial_undead_f, serial_undead_f,
          serial_undead_b, serial_undead_c, serial_undead_f, serial_undead_b,
          serial_undead_a, hangedman_decor_peaks_small
D:5:      layout_layer_cave, nicolae_overflow_hidden_temple,
          minmay_temple_entry_mini_moons
D:6:      layout_gridville
D:7:      layout_layer_cave, ebering_ghost_rock_garden, uniq_menkaure,
          uniq_duvessa
D:8:      layout_loops_ring, basic_altar, uniq_maggie
D:9:      layout_basic, lemuel_flame_loot_1, uniq_harold
D:10:     layout_loops_ring, guppyfry_shop_venom
D:11:     layout_cave_pods, erik_lair_orcish_takeover, erik_orc_3,
          hangedman_abyss_or_decor_lesser_grid, minmay_hollow_rounded_squares
D:12:     layout_small_grid, nicolae_trove_entry_free_sample
D:13:     layout_roguey [special_room_orc], tso_metal_star, uniq_sonja
D:14:     layout_cave_pods, erik_vaults_1, minmay_misc_feat_square,
          kennysheep_nondescript
D:15:     gammafunk_enter_depths_forms, layout_basic,
          chequers_serial_rivers_room_a, uniq_azrael
Lair:1:   layout_chaotic_city, amcnicky_altar_gilded
Lair:2:   layout_chaotic_city, shoals_dummy_entry, guppyfry_snake_entry_island,
          lemuel_fruit_tree, serial_bayou_shore_a, grunt_megastairs_4,
          infiniplex_staircase_pool_2, uniq_erica
Lair:3:   layout_regular_city, lightli_volcano_entry_magma_tube, st_stairs_9,
          fungi_pond_lemuel, serial_bayou_pond_e, beast_lair_carwin_3,
          infiniplex_staircase_pool
Lair:4:   layout_cellular_growth
Lair:5:   layout_misc_corridors, minivault_23
Lair:6:   grunt_lair_end_beastmaster, layout_hall_layers,
          minmay_slime_entry_oklob_open
Shoals:1: layout_shoals
Shoals:2: layout_shoals
Shoals:3: layout_shoals, serial_shops, nicolae_shop_stone, shop, shop, shop,
          uniq_polyphemus
Shoals:4: shoals_end_simple, layout_shoals
Snake:1:  layout_rooms, hangedman_snake_pattern, st_stairs_9, minmay_shop_grove
Snake:2:  layout_chambers, grunt_megastairs_5
Snake:3:  layout_honeycomb, drop_trap, nicolae_snake_double_loop, uniq_donald
Snake:4:  snake_pit, layout_gridlike, serial_shops, nicolae_shop_crystal,
          corexii_hall_statues_s
Slime:1:  layout_caves
Slime:2:  layout_caves, cheibrodos_slime_lost_civilization_5
Slime:3:  layout_caves, cheibrodos_slime_lost_civilization_7
Slime:4:  layout_caves
Slime:5
Orc:1:    layout_caves, basic_altar, lemuel_statue_altar
Orc:2:    st_orc_congregation, layout_diamond_mine, ebering_ghost_inner_flame,
          elves_outpost_lemuel
Elf:1:    eino_elf_arrival_customs, layout_loops_cross, serial_shops,
          bzr_firewalk, portal_ice_cave_entry_ice_statue_two,
          hangedman_elven_crosses_minicolossus, minivault_23,
          minmay_misc_feat_rows
Elf:2:    layout_gridlike, serial_shops, shop, uniq_asterion
Elf:3:    elf_hall_gauntlet_wide, layout_geoelf_octagon, tgw_sif
Vaults:1: vaults_room_pool, v_rooms_2, v_misc_10,
          nicolae_vaults_mini_display_case, hangedman_vaults_stretched_pinwheel,
          v_misc_23, vaults_room_fancy_cross, ontoclasm_vaults_loading_screen,
          layout_vaults_ring, serial_shops, shop
Vaults:2: vaults_standard_mumra_x, nicolae_vaults_ninety_degrees,
          nicolae_vaults_triangles, hangedman_vaults_impose,
          nicolae_vaults_disjoint_gnomons, ontoclasm_vaults_twist, v_misc_8,
          ontoclasm_vaults_pinch, v_misc_22, v_rooms_3, v_misc_14,
          layout_vaults_maze_snakey, serial_shops, nicolae_shop_window_shopping
Vaults:3: v_misc_24, minmay_crypt_entry_vampire_xt,
          nicolae_vaults_yaktaur_gun_rack, hangedman_vaults_trim, v_misc_14,
          vaults_mumra_hexcomb, vaults_dpeg_hooks, vaults_mumra_minichess,
          vaults_dpeg_diagonal, layout_vaults_omnicross
Vaults:4: ontoclasm_vaults_ring_square, v_misc_4, nicolae_vaults_network_s,
          vaults_dpeg_ring, vaults_room_hallway, v_alt_pattern_6,
          layout_vaults_quadrants, serial_shops, bzr_in_the_mist
Vaults:5: serial_shops
Crypt:1:  evilmike_wizard_prison, layout_misc_corridors
Crypt:2:  layout_misc_corridors, roderic_lattice_octagonal_star, uniq_frederick
Crypt:3:  lightli_unholy_cathedral, layout_chaotic_city,
          tomb_entry_sphere_bobbens, corexii_hall_statues_l, st_stairs_8
Tomb:1:   uniq_khufu, uniq_mennas
Depths:1: layout_gridlike, enter_ziggurat_b, nicolae_ashenzari_panopticon,
          hellmouth_1, rand_demon_pan_entry_7, kennysheep_windowed_goal,
          uniq_nikola, uniq_aizul
Depths:2: cheibrodos_quadrivalence, layout_honeycomb, skrybe_limestone_x,
          hell_entry, gammafunk_ghost_split, grunt_ministairs_4,
          infiniplex_staircase_pool_1
Depths:3: minmay_complete_graph, layout_gridlike, abyss_entry, nrook_campfire,
          pan_entry, mu_enter_wizlab_6, hell_entry, serial_bayou_pond_d,
          drop_trap, grunt_ministairs_12, infiniplex_staircase_zigzag_5
Depths:4: minmay_diamond_stairs, layout_gridlike, abyss_entry_small_statue_room,
          grunt_pan_entry_in_and_out, hangedman_coc_ice_floe,
          minmay_misc_feat_secret_circle, uniq_sojobo
Depths:5: grunt_zot_entry_gee_three, layout_cross, kennysheep_doodads,
          grunt_mini_vestibule, lemuel_flamethrower_3, serial_bayou_shore_b
Zot:1:    kennysheep_room_grid, layout_misc_corridors, guppyfry_library_mini,
          grunt_megastairs_2
Zot:2:    layout_onion_interference
Zot:3:    nicolae_zot_stationary_front, layout_onion
Zot:4:    layout_cathedral_of_symmetry, st_stairs_1
Zot:5:    layout_twisted_circle

Skill      XL: |  1  2  3  4  5  6  7  8  9 10 11 12 13 14 15 16 17 18 19 20 21 22 23 24 25 26 27 |
---------------+----------------------------------------------------------------------------------+-----
Axes           | 3 4 5 6 7 9 11 12 14 15 16 17 19 20 | 20.0
Evocations     | 5 7 10 14 18 21 | 21.1
Stealth        | 2 |  2.0
Armour         | 9 10 13 15 17 18 21 23 | 23.0
Fighting       | 7 10 15 18 20 22 | 22.5
Shields        | 4 6 12 14 15 19 20 22 | 22.0
Polearms       | 3 |  3.6
Dodging        | |  0.8

Action                   |  1- 3 |  4- 6 |  7- 9 | 10-12 | 13-15 | 16-18 | 19-21 | 22-24 | 25-27 || total
-------------------------+-------+-------+-------+-------+-------+-------+-------+-------+-------++-------
Melee: Hand axe          |   107 |   148 |    21 |       |       |       |       |       |       ||   276
       Headbutt          |     1 |    18 |    46 |   118 |   303 |       |       |       |       ||   486
       War axe           |       |       |   185 |   567 |   810 |       |       |       |       ||  1562
       Kick              |       |       |       |   154 |    90 |   430 |   123 |       |       ||   797
       Mace              |       |       |       |       |   260 |       |       |       |       ||   260
       Broad axe         |       |       |       |       |   208 |  1575 |  1573 |  2221 |  2079 ||  7656
       Demon trident     |       |       |       |       |       |       |       |       |   327 ||   327
       Unarmed           |       |       |       |       |       |       |       |       |     2 ||     2
       Peck              |       |       |       |       |       |       |       |       |    91 ||    91
 Fire: Arbalest          |       |       |       |       |       |       |     2 |       |       ||     2
Throw: Dart              |       |     4 |    44 |    25 |     1 |     2 |       |       |       ||    76
       Throwing net      |       |       |       |     4 |       |       |       |       |       ||     4
 Abil: Blink             |       |       |       |       |       |     5 |     1 |       |       ||     6
       Evoke Flight      |       |       |       |       |       |    18 |     4 |     4 |       ||    26
Evoke: Wand              |       |       |     8 |    10 |    11 |    25 |     6 |     3 |     3 ||    66
       Box of beasts     |       |       |       |     1 |     6 |     4 |     1 |       |     2 ||    14
       Condenser vane    |       |       |       |     1 |     1 |     7 |     3 |     3 |     3 ||    18
       Phial of floods   |       |       |       |       |     1 |     4 |     2 |     2 |     3 ||    12
       Phantom mirror    |       |       |       |       |       |     5 |     2 |     3 |     3 ||    13
       Tin of tremorston |       |       |       |       |       |     7 |       |     2 |     3 ||    12
       Lightning rod     |       |       |       |       |       |       |     7 |     1 |     6 ||    14
  Use: Scroll            |       |     6 |     4 |    14 |    17 |    17 |    11 |    13 |    30 ||   112
       Potion            |       |       |       |    18 |     7 |    17 |     8 |     5 |    14 ||    69
 Stab: Petrified         |     1 |       |       |       |     8 |       |       |       |     1 ||    10
       Confused          |       |     2 |       |     1 |    12 |     5 |     2 |    13 |    23 ||    58
       Paralysed         |       |     2 |       |     5 |       |    12 |     1 |       |       ||    20
       Sleeping          |       |     1 |       |     1 |     1 |       |     1 |       |     1 ||     5
       Held in net/web   |       |       |       |     1 |       |       |       |       |       ||     1
       Invisible         |       |       |       |     4 |       |       |     1 |     8 |    10 ||    23
       Distracted        |       |       |       |       |     3 |     7 |       |     1 |     7 ||    18
       Petrifying        |       |       |       |       |     1 |       |     1 |       |     1 ||     3
       Betrayed ally     |       |       |       |       |       |     1 |       |       |       ||     1
Armor: Leather armour    |    35 |    57 |    99 |   108 |       |       |       |       |       ||   299
       Skin              |       |       |       |     9 |       |    17 |       |       |     2 ||    28
       Crystal plate arm |       |       |       |   179 |   953 |  1019 |   775 |   935 |  1310 ||  5171
Dodge: Dodged            |    58 |    65 |   103 |   148 |   155 |   140 |   190 |   213 |   276 ||  1348
Block: Buckler           |       |       |       |       |   266 |   158 |       |       |       ||   424
       Kite shield       |       |       |       |       |       |   540 |   807 |   440 |       ||  1787
       Reflection        |       |       |       |       |       |    65 |    99 |    19 |       ||   183
       Tower shield      |       |       |       |       |       |       |       |  1066 |  2503 ||  3569
